 Dungeon Crawl Stone Soup version 0.29-a0-321-gf1c400731a (webtiles) character file.

Game seed: 11093724220534083769

1094441 Dabor the Sensei (level 27, -8/330 (338) HPs)
             Began as an Octopode Transmuter on Apr 3, 2022.
             Was the Champion of Jiyva.
             Mangled by an iron giant
             ... wielding a +0 giant spiked club
              (62 damage)
             ... on level 7 of the Iron City of Dis on Apr 4, 2022.
             The game lasted 08:01:34 (97908 turns).

Dabor the Sensei (Octopode Transmuter)             Turns: 97908, Time: 08:01:35

HP:   -8/330 (338)  AC: 24    Str: 14 (15) XL:     27
MP:   39/45         EV: 37    Int: 39      God:    Jiyva [******]
Gold: 11660         SH: 26    Dex: 27      Spells: 12/62 levels left

rFire   + + +      SeeInvis +     - Unarmed
rCold   + + +      Faith    .   G - +5 kite shield {rC+ rF+}
rNeg    + + +      Spirit   .   (helmet restricted)
rPois   ∞          Reflect  +   C - amulet of Tiezeff {Reflect Int+4 SH+5}
rElec   +          Harm     .   W - ring "Huess" {rN+ Will+ Str+4}
rCorr   +          Rampage  .   T - ring of Xom's Grace {rPois rF++ rCorr Str-4 SInv}
Will    +++++                   s - ring "Kuhy" {MP+9 Int+2 Dex+4} Stlth *+++++++++
                                t - ring "Huecoelo" {+Blink rPois rN+ Will+}
HPRegen 2.25/turn               I - ring "Ised" {Drain Will++ Slay+4 Stlth+}
MPRegen 0.79/turn               N - ring "Raehur" {rC+++ rN+++ MP-9 Int+6 Slay-2}
                                Z - ring of the Red Skies {rElec rPois rF+ Int+4 Slay+4}
                                Y - ring of Hedeuz {rF+ rN+ Int+4 Dex+4}

@: statue-form, studying 3 skills, lightly drained, invisible, corroded, very
slow
A: slow and powerful, torment resistance 1, boosted hp, almost no armour,
amphibious, 8 rings, camouflage 1, (gelatinous body 1), (nimble swimmer 1),
tentacles, cold resistance 1, fire resistance 3, strong-willed 1, poison
resistance, robust 2, strong 1, eyeballs 2, MP-powered wands, engulf
}: 12/15 runes: decaying, slimy, silver, obsidian, bone, abyssal, demonic,
glowing, magical, fiery, dark, gossamer
a: End Transformation, Renounce Religion, Evoke Blink, Oozemancy, Slimify


You were on level 7 of the Iron City of Dis.
You worshipped Jiyva.
Jiyva was exalted by your worship.
You were a living statue of rough stone.
You visited 17 branches of the dungeon, and saw 77 of its levels.
You visited Pandemonium 1 time, and saw 16 of its levels.
You visited the Abyss 2 times.
You also visited: Trove, Sewer, Bailey, Gauntlet, Ice Cave and Wizlab.

You collected 15174 gold pieces.
You spent 3514 gold pieces at shops.

Inventory:

Missiles
 h - 4 throwing nets
 o - 11 silver javelins
Armour
 G - a +5 kite shield of resistance (worn)
 H - the +2 hat of the Bear Spirit {Spirit, *Rage Will++}
   (You bought it in a shop on level 6 of the Dungeon)

   Going berserk makes the wearer tougher, and they're slowed less afterward.
   *Rage:     It berserks you when you make melee attacks (+20% chance).
   Will:      It greatly increases your willpower.
Magical Staves
 v - a staff of air
Jewellery
 s - the ring "Kuhy" (on tentacle) {MP+9 Int+2 Dex+4}
   (You found it on level 7 of Gehenna)

   [ring of magical power]

   Int:       It affects your intelligence (+2).
   Dex:       It affects your dexterity (+4).
   MP:        It affects your magic capacity (+9).
 t - the ring "Huecoelo" (on tentacle) {+Blink rPois rN+ Will+}
   (You found it in an ice cave)

   [ring of positive energy]

   rPois:     It protects you from poison.
   rN:        It protects you from negative energy.
   +Blink:    It lets you blink.
   Will:      It increases your willpower.
 w - the ring of Neurosis {Will+ EV+4}
   (You found it on level 3 of the Crypt)

   [ring of evasion]

   EV:        It affects your evasion (+4).
   Will:      It increases your willpower.
 x - the amulet of the Four Winds {rN+ Will+++ Clar}
   (You found it on level 3 of the Crypt)

   [amulet of nothing]

   rN:        It protects you from negative energy.
   Clar:      It protects you against confusion.
   Will:      It greatly increases your willpower.
 C - the amulet of Tiezeff (around mantle) {Reflect Int+4 SH+5}
   (You bought it in a shop on level 1 of the Orcish Mines)

   [amulet of reflection]

   It reflects blocked missile attacks.
   Int:       It affects your intelligence (+4).
   SH:        It affects your SH (+5).
 I - the ring "Ised" (on tentacle) {Drain Will++ Slay+4 Stlth+}
   (You took it off a necromancer on level 3 of the Crypt)

   [ring of slaying]

   Slay:      It affects your accuracy & damage with ranged weapons and melee
   (+4).
   Drain:     It drains your maximum health when unequipped.
   Will:      It greatly increases your willpower.
   Stlth:     It makes you more stealthy.
 M - the amulet "Qeelirol" {rElec rF- Regen+ Int+5}
   (You found it on level 12 of the Dungeon)

   [amulet of regeneration]

   Int:       It affects your intelligence (+5).
   rF:        It makes you vulnerable to fire.
   rElec:     It insulates you from electricity.
   Regen:     It increases your rate of health regeneration.
 N - the ring "Raehur" (on tentacle) {rC+++ rN+++ MP-9 Int+6 Slay-2}
   (You found it in Pandemonium)

   [ring of intelligence]

   Int:       It affects your intelligence (+6).
   Slay:      It affects your accuracy & damage with ranged weapons and melee
   (-2).
   rC:        It renders you almost immune to cold.
   rN:        It renders you almost immune to negative energy.
   MP:        It affects your magic capacity (-9).
 T - the ring of Xom's Grace (right tentacle) {rPois rF++ rCorr Str-4 SInv}
   (You found it on level 1 of the Vaults)

   [ring of resist corrosion]

   Str:       It affects your strength (-4).
   rF:        It greatly protects you from fire.
   rPois:     It protects you from poison.
   SInv:      It lets you see invisible.
   rCorr:     It protects you from acid and corrosion.
 W - the ring "Huess" (left tentacle) {rN+ Will+ Str+4}
   (You took it off a minotaur in a Gauntlet)

   [ring of positive energy]

   Str:       It affects your strength (+4).
   rN:        It protects you from negative energy.
   Will:      It increases your willpower.
 Y - the ring of Hedeuz (on tentacle) {rF+ rN+ Int+4 Dex+4}
   (You found it on level 5 of the Pits of Slime)

   [ring of positive energy]

   Int:       It affects your intelligence (+4).
   Dex:       It affects your dexterity (+4).
   rF:        It protects you from fire.
   rN:        It protects you from negative energy.
 Z - the ring of the Red Skies (on tentacle) {rElec rPois rF+ Int+4 Slay+4}
   (You found it on level 2 of the Depths)

   [ring of slaying]

   Int:       It affects your intelligence (+4).
   Slay:      It affects your accuracy & damage with ranged weapons and melee
   (+4).
   rF:        It protects you from fire.
   rElec:     It insulates you from electricity.
   rPois:     It protects you from poison.
Wands
 e - a wand of digging (9)
 f - a wand of acid (23)
 D - a wand of iceblast (83)
Scrolls
 g - 2 scrolls of enchant armour
 i - 4 scrolls of torment
 k - 8 scrolls of immolation
 m - 29 scrolls of teleportation
 n - 11 scrolls of fear
 p - 4 scrolls of silence
 y - a scroll of holy word
 B - 6 scrolls of amnesia
 Q - 11 scrolls of fog
 V - 5 scrolls of magic mapping
Potions
 c - 3 potions of mutation
 j - 34 potions of curing
 l - 13 potions of haste
 r - 8 potions of ambrosia
 u - 7 potions of berserk rage
 z - a potion of cancellation
 A - 4 potions of resistance
 E - 11 potions of brilliance
 J - 15 potions of might
 O - 15 potions of lignification
 R - 6 potions of magic
 X - 10 potions of attraction
Miscellaneous
 d - a lightning rod (4/4)
 q - a condenser vane
 L - a phantom mirror (inert)
 P - a box of beasts
 S - a tin of tremorstones (2/2)


   Skills:
 - Level 25.2 Fighting
 - Level 7.0 Throwing
 - Level 25.2 Dodging
 - Level 22.0 Stealth
 - Level 15.0 Shields
 - Level 25.2 Unarmed Combat
 - Level 18.0 Spellcasting
 - Level 8.0 Necromancy
 - Level 15.0 Translocations
 + Level 18.2 Transmutations
 - Level 6.0 Ice Magic
 * Level 16.7 Air Magic
 - Level 16.0 Earth Magic
 - Level 15.0 Poison Magic
 - Level 12.0 Evocations


You had 12 spell levels left.
You knew the following spells:

 Your Spells              Type           Power      Damage    Failure   Level
a - Beastly Appendage     Tmut           100%       N/A       0%          1
b - Wereblood             Tmut           100%       N/A       0%          2
c - Storm Form            Tmut/Air       53%        N/A       1%          7
d - Alistair's Intoxicat  Tmut/Pois      70%        N/A       1%          5
e - Manifold Assault      Tloc           100%       N/A       1%          5
f - Animate Dead          Necr           39%        N/A       1%          4
g - Statue Form           Tmut/Erth      70%        N/A       1%          6
h - Animate Skeleton      Necr           100%       N/A       1%          1
i - Eringya's Noxious Bo  Tmut/Pois      52%        N/A       1%          6
j - Swiftness             Air            100%       N/A       0%          3
k - Dragon Form           Tmut           54%        N/A       1%          7
l - Ozocubu's Armour      Ice            69%        N/A       1%          3

Your spell library contained the following spells:

 Spells                   Type           Power      Damage    Failure   Level
 Apportation              Tloc           100%       N/A       0%          1
 Sandblast                Erth           100%       2d20      0%          1
 Sting                    Tmut/Pois      100%       1d8       0%          1
 Blink                    Tloc           100%       N/A       0%          2
 Corpse Rot               Necr/Air       100%       N/A       0%          2
 Passwall                 Tmut/Erth      88%        N/A       0%          2
 Poisonous Vapours        Pois/Air       100%       N/A       0%          2
 Lesser Beckoning         Tloc           100%       N/A       0%          3
 Spider Form              Tmut/Pois      100%       N/A       0%          3
 Airstrike                Air            52%        N/A       0%          4
 Petrify                  Tmut/Erth      100%       N/A       0%          4
 Freeze                   Ice            100%       1d11      1%          1
 Pain                     Necr           100%       1d9       1%          1
 Shock                    Conj/Air       100%       1d9       1%          1
 Slow                     Hex            100%       N/A       1%          1
 Ensorcelled Hibernation  Hex/Ice        100%       N/A       1%          2
 Static Discharge         Conj/Air       79%        N/A       1%          2
 Sublimation of Blood     Necr           78%        N/A       1%          2
 Frozen Ramparts          Ice            100%       1d12      1%          3
 Ignite Poison            Fire/Tmut/Pois 88%        N/A       1%          3
 Mephitic Cloud           Conj/Pois/Air  87%        N/A       1%          3
 Portal Projectile        Hex/Tloc       100%       N/A       1%          3
 Stone Arrow              Conj/Erth      100%       3d13      1%          3
 Vampiric Draining        Necr           78%        2d11      1%          3
 Dispel Undead            Necr           78%        3d26      1%          4
 Ice Form                 Ice/Tmut       92%        N/A       1%          4
 Iskenderun's Mystic Bla  Conj/Tloc      76%        2d15      1%          4
 Leda's Liquefaction      Hex/Erth       39%        N/A       1%          4
 Olgreb's Toxic Radiance  Pois           100%       N/A       1%          4
 Passage of Golubria      Tloc           100%       N/A       1%          4
 Summon Lightning Spire   Summ/Air       79%        N/A       1%          4
 Agony                    Necr           78%        N/A       1%          5
 Blade Hands              Tmut           54%        N/A       1%          5
 Borgnjor's Vile Clutch   Necr/Erth      45%        N/A       1%          5
 Excruciating Wounds      Necr           39%        N/A       1%          5
 Freezing Cloud           Conj/Ice/Air   38%        6-21      1%          5
 Irradiate                Conj/Tmut      41%        3d27      1%          5
 Lee's Rapid Deconstruct  Erth           51%        3d25*     1%          5
 Lightning Bolt           Conj/Air       39%        1d58      1%          5
 Summon Forest            Summ/Tloc      38%        N/A       1%          5
 Yara's Violent Unravell  Hex/Tmut       41%        3d16      1%          5
 Anguish                  Hex/Necr       30%        N/A       2%          4
 Call Canine Familiar     Summ           35%        N/A       4%          3
 Confusing Touch          Hex            35%        N/A       4%          3
 Conjure Flame            Conj/Fire      35%        6-21      4%          3
 Inner Flame              Hex/Fire       35%        N/A       4%          3
 Tukima's Dance           Hex            35%        N/A       4%          3
 Hailstorm                Conj/Ice       55%        3d12      4%          4
 Summon Ice Beast         Ice/Summ       55%        N/A       4%          4
 Conjure Ball Lightning   Conj/Air       39%        3x3d13    7%          6
 Iron Shot                Conj/Erth      39%        9d8       9%          6
 Maxwell's Capacitive Co  Air            52%        ∞         10%         8
 Metabolic Englaciation   Hex/Ice        27%        N/A       12%         5
 Simulacrum               Ice/Necr       37%        N/A       12%         6
 Cause Fear               Hex            17%        N/A       14%         4
 Fulminant Prism          Conj/Hex       17%        3d11      14%         4
 Sticky Flame             Conj/Fire      35%        2d5       14%         4
 Fireball                 Conj/Fire      17%        3d9       36%         5
 Iskenderun's Battlesphe  Conj           35%        2d9       36%         5
 Summon Mana Viper        Hex/Summ       35%        N/A       36%         5
 Shatter                  Erth           51%        3d39*     90%         9
 Starburst                Conj/Fire      17%        6d6       91%         6
 Summon Cactus Giant      Summ           17%        N/A       91%         6
 Haunt                    Necr/Summ      30%        N/A       93%         7
 Borgnjor's Revivificati  Necr           39%        N/A       98%         8
 Infestation              Necr           39%        N/A       98%         8
 Monstrous Menagerie      Summ           17%        N/A       100%        7
 Orb of Destruction       Conj           17%        9d7       100%        7
 Spellforged Servitor     Conj/Summ      17%        N/A       100%        7
 Summon Hydra             Summ           17%        N/A       100%        7
 Discord                  Hex            17%        N/A       100%        8
 Ignition                 Fire           17%        3d7       100%        8
 Death's Door             Necr           39%        N/A       100%        9
 Animate Armour           Summ/Erth      Unusable   N/A       N/A         4

Dungeon Overview and Level Annotations

Branches:
Dungeon (15/15)            Temple (1/1) D:4            Lair (6/6) D:10
  Swamp (4/4) Lair:4       Spider (4/4) Lair:4        Slime (5/5) Lair:6
    Orc (2/2) D:9             Elf (3/3) Orc:2        Vaults (5/5) D:14
  Crypt (3/3) Vaults:2       Tomb (1/3) Crypt:3      Depths (4/4) D:15
   Hell (visited)             Dis (7/7) Hell            Geh (7/7) Hell
    Coc (0/7) Hell            Tar (7/7) Hell            Zot (2/5) Depths:4
  Sewer (visited)          Bailey (visited)           IceCv (visited)
 WizLab (visited)         Gauntlet (visited)

Altars:
Ashenzari
Cheibriados
Dithmenos
Elyvilon
Fedhas
Gozag
Hepliaklqana
Kikubaaqudgha
Makhleb
Nemelex Xobeh
Okawaru
Qazlal
Ru
Sif Muna
Trog
Uskayaw
Vehumet
Wu Jian
Xom
Yredelemnul
Zin
The Shining One
Ignis
Jiyva

Shops:
D:1 (   D:6 [   D:11 ?(   Orc:1 =!!   Orc:2 [??[*   Vaults:1 (   Vaults:2 !
Vaults:5 [?   Zot:2 *

Portals:
Hell: Depths:1 Depths:2 Depths:3 Depths:4
Abyss: Depths:1 Depths:3
Pandemonium: Depths:2
Ziggurat: Depths:4

Annotations:
Slime:5 Royal Jelly


Innate Abilities, Weirdness & Mutations

You are a living statue of rough stone.
Your actions are slow, but your melee attacks are powerful.
You are resistant to unholy torment.
Your maximum health is greatly increased.
You cannot wear most types of armour.
You are amphibious.
You can wear up to eight rings at the same time.
Your skin changes colour to match your surroundings (Stealth+).
((Your rubbery body absorbs attacks. (AC +1, EV +1)))
((You are camouflaged when in or above water. (Stealth+)))
You have tentacles for arms and can constrict up to eight enemies at once.
Your flesh is cold resistant. (rC+)
Your flesh is almost immune to the effects of heat. (rF+++)
You are strong-willed. (Will+)
Your system is resistant to poisons. (rPois)
You are very robust. (+20% HP)
Your muscles are strong. (Str +2)
Your body has grown many eyes which may confuse attackers. (Acc +5)
You expend magic power (3 MP) to strengthen your wands.
Your melee attacks may engulf your foes in ooze.


Message History

The iron shot hits you!!!
* * * LOW HITPOINT WARNING * * *
You block the ancient champion's attack.
The caustic shrike screeches!
You block the caustic shrike's attack.
The eyeballs on your body gaze at the caustic shrike.
You block the ancient champion's attack.
The caustic shrike claws the iron giant.
The iron giant is splashed with acid.
You are confused.
You feel invigorated.
The caustic shrike completely misses itself.
The ancient champion completely misses you.
The caustic shrike claws the iron golem.
The iron golem is splashed with acid.
The ancient champion hits you with a +3 vorpal great mace!!
* * * LOW HITPOINT WARNING * * *
x2 The caustic shrike screeches!
You bludgeon the ancient champion!
You tentacle-slap the ancient champion, but do no damage.
The ancient champion is heavily damaged.
The ancient champion hits you with a +3 vorpal great mace!
* * * LOW HITPOINT WARNING * * *
x2 You feel less invigorated.
You feel less confused.
The caustic shrike barely misses the iron golem.
The caustic shrike claws the iron golem!!
The iron golem is splashed with acid.
The caustic shrike claws itself!!
An ancient champion comes into view. It is wielding a +0 vorpal battleaxe.
You block the iron giant's attack.
The ancient champion gestures at you while chanting.
The iron shot reflects off an invisible shield around you!
The iron shot misses the ancient champion.
The iron giant throws the iron golem at you!
* * * LOW HITPOINT WARNING * * *
The iron golem misses you. The iron golem completely misses you.
The ancient champion gestures at the iron golem while chanting.
The iron shot hits the iron golem!!
The iron giant hits you with a +0 giant spiked club!!!
You die...

,,,,,**####.).'.......#.)!#.....#
,,,,,,,***#..)#.......#####.....#
,,,,,,,,,*#...#.................#
,,,,,,,,,,#...##..............###
,*****,,,,#...###.............#
,*,,,#....#...#####.....####..#
,*,,,#....#...#.####....#..#..#
,**#+#....#...#.z9###...#..#..###
,,,,......#####C89.###..##'#....#
,,,,,.........)..b..###.........#
*,,,,,.......z.......###........#
**#####...........b...###.......#
**#...#........####....###......#
,,#.).'........#..#...#####.....#
,,#..b#..........,#...#.........#
..'9).#........####...'...##....#
.)#...##..............#...##....#


You could see 2 iron golems, an iron giant, 2 caustic shrikes and 2 ancient
champions.

Vanquished Creatures
  Cerebov (Pan)
  Asmodeus (Geh:7)
  Ereshkigal (Tar:7)
  Gloorx Vloq (Pan)
  A seraph (Pan)
  the Serpent of Hell (Geh:7)
  Lom Lobon (Pan)
  Mnoleg (Pan)
  5 dread liches
  Khufu (Crypt:3)
  An orb of fire (Zot:1)
  4 ancient liches
  Mara (Vaults:3)
  A juggernaut (Dis:7)
  Sojobo (Vaults:5)
  4 royal mummies (Tomb:1)
  Saint Roka (Depths:4)
  Geryon (Hell)
  21 caustic shrikes
  2 curse toes (Zot:2)
  9 pandemonium lords (Pan)
  9 golden dragons
  29 bone dragons
  Nikola (Spider:3)
  Jory (Vaults:3)
  2 pearl dragons (Pan)
  26 profane servitors
  12 doom hounds
  6 hellephants
  An electric golem (Zot:1)
  10 Ice Fiends (Pan)
  5 iron giants
  24 Tzitzimimeh
  12 Brimstone Fiends
  A Cloud Mage (WizLab)
  10 Hell Sentinels
  Zenata (Vaults:3)
  28 tainted leviathans
  2 spectral shard shrikes
  10 liches
  19 tentacled monstrosities
  A walking divine tome (Depths:3)
  A deep elf master archer (Elf:3)
  4 quicksilver dragons
  20 searing wretches
  9 titans
  9 ancient champions
  A deep elf blademaster (Elf:2)
  3 death cobs
  31 tentacled starspawn
  27 Executioners
  An eldritch tentacle (Pan)
  A thorn hunter (Swamp:3)
  7 shadow dragons
  14 sphinxes
  Gastronok (D:8)
  12 tengu reavers
  5 storm dragons
  28 daevas
  Agnes (D:15)
  Donald (Vaults:1)
  12 demonspawn warmongers (Pan)
  4 draconian monks
  6 deep elf sorcerers
  3 draconian knights
  2 azure jellies
  2 revenants
  16 fire giants
  7 draconian scorchers
  7 frost giants
  17 vault wardens
  6 iron dragons
  6 ghost moths
  2 orc warlords
  4 deep elf elementalists
  3 caustic shrike zombies
  3 emperor scorpions
  3 spectral juggernauts
  3 quicksilver elementals
  47 balrugs
  23 cacodemons
  A juggernaut zombie (Depths:2)
  2 curse skulls (Pan)
  6 draconian annihilators
  3 draconian stormcallers (Zot:1)
  2 spectral caustic shrikes
  2 shard shrike simulacra
  Louise (Spider:1)
  4 draconian shifters
  9 ghouls
  6 ironbound thunderhulks
  11 ironbound preservers
  14 reapers
  3 spriggan defenders
  30 angels (Pan)
  3 broodmothers
  9 demonspawn blood saints (Pan)
  2 caustic shrike skeletons (Pan)
  2 vampire knights (Depths:1)
  16 ophanim
  20 war gargoyles
  19 apis (Pan)
  8 deep elf demonologists (Elf:3)
  216 starcursed masses
  40 very ugly things
  7 black draconians
  12 demonspawn corrupters (Pan)
  16 stone giants
  9 red draconians (Zot:1)
  9 green draconians
  4 eleionomae
  8 white draconians
  4 bennus (Tomb:1)
  11 demonspawn black suns (Pan)
  2 entropy weavers
  A minotaur (Gauntlet)
  19 lorocyprocas
  3 bunyips
  24 putrid mouths
  8 purple draconians
  9 deep elf annihilators
  6 dire elephants (Vaults:2)
  13 ettins
  6 spark wasps
  7 yellow draconians
  9 deep elf death magi
  8 eidola
  13 mummy priests
  3 crystal guardians
  15 iron golems
  Josephine (Lair:4)
  32 blizzard demons
  A spectral quicksilver dragon (Tar:2)
  10 yaktaur captains
  10 great orbs of eyes
  13 green deaths
  16 jiangshi
  6 fire dragons
  A spriggan zombie (Depths:2)
  5 deep elf high priests
  A spectral kraken (Tar:7)
  A quicksilver dragon skeleton (Pan)
  8 spriggan air magi
  10 salamander tyrants
  An elf skeleton (Pan)
  10 hydras
  A naga warrior (Abyss:3)
  6 spectral spriggans
  A fenstrider witch skeleton (Pan)
  4 spriggan skeletons
  14 boulder beetles
  2 peacekeepers
  40 vault guards
  11 ice dragons
  10 rakshasas
  4 ogre magi
  6 hell beasts
  12 death knights
  17 centaur warriors
  2 jorogumos
  2 juggernaut simulacra (Pan)
  A catoblepas (D:13)
  13 ironbound frosthearts
  5 ghost crabs
  78 dancing weapons
  4 death yaks
  9 two-headed ogres
  38 hell hogs
  7 alligators
  A two-headed ogre (shapeshifter) (Gauntlet)
  4 stokers
  15 death scarabs (Tomb:1)
  7 deep troll earth magi
  2 spectral dire elephants (Tar:2)
  6 spectral nagas
  9 spriggan berserkers
  8 deep troll shamans
  10 tengu warriors
  An orc high priest (Elf:3)
  5 vampire magi
  5 shock serpents
  59 soul eaters
  15 hell knights
  A titan zombie (Abyss:4)
  20 thrashing horrors
  100 sun demons
  12 spriggans
  18 deep elf knights
  26 sixfirhies
  24 wretched stars
  5 crystal echidnas
  A sun moth (Spider:3)
  3 goliath frogs
  Lodul (D:10)
  A spectral bunyip (Tar:1)
  37 skeletal warriors
  4 pharaoh ants
  10 shadow wraiths
  4 spriggan druids
  An anaconda zombie (Hell)
  7 iron trolls
  9 shadow demons (Pan)
  A glowing orange brain (Vaults:1)
  A spectral anaconda (Tar:2)
  5 swamp dragons
  10 spatial maelstroms
  17 cherubim (Pan)
  5 steelbarb worms
  7 orb spiders
  6 bog bodies
  46 deep trolls
  125 large abominations
  A shadow dragon zombie (Vaults:1)
  5 flayed ghosts
  7 phantasmal warriors
  6 death drakes
  A spectral hydra (Tar:1)
  13 ironbound convokers
  8 orc knights
  11 wizards
  A wolf spider zombie (Crypt:2)
  Pikel (D:5)
  13 deep elf archers
  34 deep elf pyromancers
  2 spectral iron dragons
  3 harpies (Vaults:2)
  13 necromancers
  23 deep elf zephyrmancers
  9 lindwurms
  42 ugly things
  A tengu skeleton (Vaults:2)
  A shadow dragon skeleton (Crypt:2)
  13 wolf spiders
  5 will-o-the-wisps
  2 wolf spiders (shapeshifter)
  A manticore (D:13)
  3 orc sorcerers
  4 worldbinders
  5 cyclopes
  A toenail golem (Pan)
  A salamander (Abyss:5)
  2 spectral centaurs
  33 elephants
  2 frost giant skeletons
  A dire elephant zombie (Crypt:3)
  13 moths of wrath
  3 black mambas
  A centaur zombie (Hell)
  4 guardian serpents
  11 rust devils
  20 apocalypse crabs
  2 water nymphs (shapeshifter)
  10 ice statues
  2 centaur skeletons
  4 dire elephant skeletons
  2 naga magi
  A storm dragon simulacrum (Crypt:2)
  2 stone giant skeletons
  12 vault sentinels
  25 orange demons
  8 spectral swamp worms (Tar:7)
  72 smoke demons
  4 naga skeletons
  7 torpor snails
  6 cane toads
  A human zombie (Vaults:1)
  13 molten gargoyles
  3 gargoyles
  2 unseen horrors (shapeshifter)
  7 unseen horrors
  Maggie (D:7)
  A sea snake zombie (Hell)
  33 demonic crawlers
  A yaktaur (shapeshifter) (D:14)
  64 hellions
  23 freezing wraiths
  A spark wasp simulacrum (Depths:2)
  6 tengu conjurers
  26 yaktaurs
  10 guardian mummies
  15 efreet
  4 entropy weaver simulacra (IceCv)
  9 komodo dragons
  22 ice devils
  22 tormentors
  A sea snake skeleton (Hell)
  A golden dragon simulacrum (Depths:2)
  3 silent spectres
  7 tyrant leeches
  20 ancient zymes
  A tengu simulacrum (Vaults:2)
  7 red devils
  3 hydra zombies (Hell)
  A troll (shapeshifter) (Gauntlet)
  A meliai (Abyss:4)
  32 hellwings
  5 harpy zombies
  5 spectral harpies
  A bloated husk (Swamp:2)
  12 polar bears
  6 trolls
  17 hornets
  A hornet (shapeshifter) (Elf:1)
  A guardian serpent zombie (Crypt:2)
  An ice dragon zombie (Hell)
  A tarantella (shapeshifter) (Vaults:5)
  4 harpy skeletons
  A hydra skeleton (Hell)
  29 slime creatures
  13 tarantellas
  The ghost of bezhaha the Stinger, a novice FeVM of Vehumet (D:6)
  10 dream sheep
  22 blink frogs
  Prince Ribbit (D:5)
  36 raiju
  A spectral black mamba (Tar:1)
  An ettin zombie (Hell)
  15 air elementals
  8 culicivoras
  66 flying skulls
  12 jumping spiders
  2 centaur simulacra (D:13)
  2 vampires
  62 ynoxinuls
  18 shadows
  A dire elephant simulacrum (Abyss:4)
  2 ettin skeletons
  6 water elementals
  27 fire elementals
  8 wyverns
  9 fire bats
  13 wraiths
  A black mamba skeleton (Crypt:1)
  Eustachio (D:6)
  44 yaks
  3 ushabtiu (Tomb:1)
  13 basilisks
  4 golden eyes (Slime:1)
  A redback (shapeshifter) (Abyss:4)
  Grum (D:6)
  49 chaos spawn
  4 swamp worm simulacra (Swamp:4)
  An alligator snapping turtle simulacrum (Hell)
  4 death yak simulacra (IceCv)
  41 redbacks
  8 spatial vortices
  23 vampire mosquitoes
  3 steam dragons (Lair:6)
  36 neqoxecs
  A deep troll zombie (Crypt:1)
  6 wargs
  4 harpy simulacra
  3 nagas (Abyss:5)
  A human simulacrum (Vaults:2)
  18 swamp worms
  22 hell hounds
  15 water moccasins
  15 hydra simulacra
  An acid dragon (Lair:6)
  3 swamp drakes
  37 orc warriors
  12 ice beasts
  4 sky beasts
  10 black bears
  7 ogres
  25 small abominations
  3 boggarts (Vaults:1)
  A tengu (Abyss:4)
  51 wolves
  14 centaurs
  2 phantoms
  7 kobold brigands
  11 bullfrogs
  A gnoll sergeant (D:11)
  3 scorpions
  10 necrophages
  6 earth elementals
  A two-headed ogre simulacrum (IceCv)
  A cane toad simulacrum (IceCv)
  14 wights
  16 killer bees
  9 vampire bats (Bailey)
  7 elephant simulacra (IceCv)
  8 wolf zombies (Bailey)
  5 howler monkeys
  2 electric eels
  11 hounds
  6 quasits
  4 jellies
  2 gnoll shamans (D:6)
  12 orc priests
  3 iron imps
  7 iguanas
  21 orc wizards
  7 polar bear simulacra (IceCv)
  6 hell rats (Hell)
  A troll simulacrum (IceCv)
  2 spriggan simulacra
  A wolf simulacrum (IceCv)
  2 killer bee zombies (Crypt:1)
  A naga zombie (Crypt:1)
  A tengu zombie (Crypt:2)
  7 mummies (Tomb:1)
  16 gnolls
  16 adders
  3 naga simulacra
  3 river rats
  9 white imps
  4 swamp drake simulacra (Swamp:4)
  9 ufetubi
  A worm zombie (Crypt:1)
  3 worms
  4 dart slugs
  80 orcs
  12 endoplasms
  A giant cockroach (D:4)
  11 hobgoblins
  8 jackals
  6 quokkas
  10 ball pythons
  3 bats
  4 frilled lizards
  A frilled lizard skeleton (Crypt:2)
  13 goblins
  19 kobolds
  22 orc zombies (Bailey)
  15 rats
  7 ball lightnings (Pan)
  2 briar patches (Swamp:3)
  4 creeping infernos
  33 fire vortices
  6 lurking horrors
  21 starspawn tentacles
4615 creatures vanquished.

Vanquished Creatures (collateral kills)
  Mennas (Crypt:1)
  A bone dragon (Tar:3)
  Arachne (Spider:4)
  A Brimstone Fiend (Pan)
  2 deep elf blademasters (Elf:3)
  A titan (Vaults:5)
  A draconian knight (Zot:1)
  A fire giant (Geh:7)
  A vault warden (Vaults:5)
  An ophan (Pan)
  2 stone giants
  A white draconian (Zot:1)
  An iron golem (Dis:6)
  A deep elf high priest (Vaults:5)
  A hydra (Lair:3)
  A deep troll shaman (Depths:3)
  A death scarab (Tomb:1)
  A soul eater (Pan)
  A shadow wraith (Vaults:5)
  A deep troll (Depths:4)
  An orb spider (Spider:1)
  A deep elf zephyrmancer (D:15)
  A phantasmal warrior (Vaults:5)
  A necromancer (Vaults:5)
  2 ugly things
  A shock serpent zombie (Crypt:1)
  An elephant (Lair:6)
  2 cane toads (Lair:6)
  A tormentor (Tar:3)
  A guardian mummy (Tomb:1)
  A red devil (Pan)
  A hornet (Spider:4)
  2 tarantellas
  2 jumping spiders
  A ynoxinul (Pan)
  A wraith (Vaults:2)
  4 redbacks
  A swamp worm (Swamp:3)
  A hell hound (Lair:6)
  An orc warrior (Orc:2)
  2 black bears (Lair:6)
  A small abomination (Crypt:3)
  An electric eel (Lair:5)
53 creatures vanquished.

Vanquished Creatures (others)
  A quicksilver dragon (shapeshifter) (Depths:1)
  An acid blob (Pan)
  An eldritch tentacle (Pan)
  An iron dragon (Dis:7)
  An angel (Pan)
  2 demonspawn corrupters (Pan)
  A putrid mouth (Tar:3)
  An iron golem (Dis:4)
  A blizzard demon (Pan)
  8 great orbs of eyes
  An ice dragon (Swamp:4)
  A thrashing horror (Abyss:5)
  A deep elf knight (Elf:2)
  15 glowing orange brains
  A phantasmal warrior (Vaults:5)
  7 large abominations (Abyss:5)
  A wizard (D:14)
  A deep elf zephyrmancer (Elf:1)
  An orc knight (Orc:2)
  2 lindwurms (shapeshifter) (Abyss:4)
  An ugly thing (Depths:1)
  4 shining eyes
  A worldbinder (Abyss:4)
  A naga mage (Abyss:3)
  5 smoke demons (Pan)
  A hellion (Tar:3)
  3 hellwings (Abyss:4)
  2 polar bears (D:12)
  A raiju (Abyss:3)
  7 slime creatures (Abyss:5)
  7 small abominations (Abyss:5)
  4 flying skulls (Abyss:5)
  A water elemental (Abyss:5)
  A spriggan (shapeshifter) (Abyss:5)
  2 ynoxinuls (Pan)
  A shadow (Tar:2)
  2 air elementals (WizLab)
  4 fire bats
  17 golden eyes
  A golden eye (shapeshifter) (Abyss:5)
  A neqoxec (Abyss:3)
  3 chaos spawn
  A swamp worm (Swamp:4)
  A spatial vortex (Abyss:5)
  4 floating eyes
  A swamp drake (shapeshifter) (Abyss:5)
  An orc warrior (Depths:4)
  A centaur (D:15)
  368 jellies
  2 starcursed masses
  3 iron imps
  A hell rat (Hell)
  2 orc wizards (Orc:2)
  2 mummies (Tomb:1)
  An ufetubus (D:13)
  5 orcs
  8 ball lightnings (Pan)
  3 briar patches (Swamp:3)
  5 bushes
  A creeping inferno (Geh:1)
  4 demonic plants (Abyss:4)
  7 fire vortices
  37 foxfires
  50 fungi
  5 lurking horrors
  99 plants
  69 starspawn tentacles
  4 tentacles (Tar:7)
804 creatures vanquished.

Grand Total: 5472 creatures vanquished

Notes
Turn   | Place    | Note
-------+----------+-------------------------------------------
     0 | D:1      | Dabor the Octopode Transmuter began the quest for the Orb.
     0 | D:1      | Reached XP level 1. HP: 13/13 MP: 3/3
    36 | D:1      | Found Adosonn's Weapon Emporium.
   167 | D:1      | Reached XP level 2. HP: 14/18 MP: 3/5
   170 | D:1      | Learned a level 2 spell: Wereblood
   399 | D:1      | Reached skill level 1 in Poison Magic
   518 | D:1      | Found a faded altar of an unknown god.
   544 | D:1      | Prayed at the altar of an unknown god.
   544 | D:1      | Became a worshipper of Ignis, the Dying Flame
   633 | D:1      | Reached skill level 1 in Stealth
   858 | D:1      | Reached XP level 3. HP: 18/23 MP: 6/6
  1071 | D:1      | Learned a level 3 spell: Spider Form
  1896 | D:2      | Reached XP level 4. HP: 12/28 MP: 4/7
  2217 | D:2      | Identified the +1 leather armour "Bayqavel" {rF+ rC+
                  | Stlth+}
  3118 | D:3      | Reached XP level 5. HP: 34/34 MP: 8/8
  4041 | D:4      | Reached XP level 6. HP: 39/39 MP: 9/9
  4225 | D:4      | Found a glowing drain.
  4237 | Sewer    | Entered a sewer
  4805 | Sewer    | Reached skill level 1 in Throwing
  4805 | Sewer    | Reached XP level 7. HP: 20/45 MP: 7/11
  5496 | D:4      | Found a staircase to the Ecumenical Temple.
  6009 | D:4      | Noticed a yak
  6010 | D:4      | Noticed a yak
  6010 | D:4      | Noticed a yak
  6010 | D:4      | Noticed a yak
  6066 | D:5      | Entered Level 5 of the Dungeon
  6098 | D:5      | Reached XP level 8. HP: 47/51 MP: 7/12
  6118 | D:5      | Reached skill level 5 in Poison Magic
  6574 | D:5      | Noticed Prince Ribbit
  6584 | D:5      | Killed Prince Ribbit
  7021 | D:6      | Reached skill level 5 in Stealth
  7061 | D:6      | Found Vianuenu's Armour Emporium.
  7065 | D:6      | Bought the +2 hat of the Bear Spirit {Spirit, *Rage Will++}
                  | for 293 gold pieces
  7065 | D:6      | Found the +2 hat of the Bear Spirit {Spirit, *Rage Will++}
  7186 | D:6      | Noticed Pikel
  7186 | D:6      | Noticed Eustachio
  7216 | D:5      | Killed Pikel
  7217 | D:5      | Reached skill level 5 in Unarmed Combat
  7217 | D:5      | Reached XP level 9. HP: 24/58 MP: 11/15
  7403 | D:6      | Killed Eustachio
  7719 | D:6      | Identified the +1 pair of gloves "Cecyroda" {Dex+2}
  7808 | D:6      | Found a runed translucent door.
  7813 | D:6      | Noticed bezhaha's ghost (novice FeVM)
  7835 | D:6      | Killed bezhaha's ghost
  8438 | D:6      | Reached skill level 5 in Transmutations
  8438 | D:6      | Reached skill level 1 in Ice Magic
  8453 | D:6      | Reached skill level 5 in Dodging
  8455 | D:6      | Reached skill level 1 in Evocations
  8567 | D:6      | Noticed a two-headed ogre
  8578 | D:6      | Killed a two-headed ogre
  8579 | D:6      | Reached XP level 10. HP: 65/65 MP: 13/17
  8866 | D:6      | Noticed Grum
  8876 | D:6      | Killed Grum
  8967 | D:6      | Reached skill level 5 in Fighting
  9266 | D:6      | Learned a level 4 spell: Ice Form
  9593 | D:7      | Reached skill level 5 in Spellcasting
  9737 | D:7      | Noticed Maggie
  9760 | D:7      | Killed Maggie
 10111 | D:8      | Noticed Gastronok
 10141 | D:8      | Killed Gastronok
 10142 | D:8      | Reached skill level 5 in Ice Magic
 10994 | Temple   | Entered the Ecumenical Temple
 11177 | Temple   | Fell from the grace of Ignis
 11177 | Temple   | Became a worshipper of the Wu Jian Council
 11334 | D:4      | Reached XP level 11. HP: 71/71 MP: 16/20
 11808 | D:4      | You fall into a shaft and drop 3 floors!
 13201 | D:9      | Reached * piety under Wu Jian
 13443 | D:9      | Noticed a two-headed ogre
 13456 | D:9      | Killed a two-headed ogre
 13673 | D:9      | Found a bloodstained altar of Trog.
 13684 | D:9      | Found a staircase to the Orcish Mines.
 14853 | D:9      | Learned a level 5 spell: Blade Hands
 14946 | D:10     | Entered Level 10 of the Dungeon
 14985 | D:10     | Found a flagged portal.
 14994 | Bailey   | Entered a bailey
 15110 | Bailey   | Reached ** piety under Wu Jian
 15532 | Bailey   | Was forgiven by Ignis
 15803 | Bailey   | Reached *** piety under Wu Jian
 16273 | D:10     | Found a staircase to the Lair.
 16683 | D:10     | Noticed a two-headed ogre
 16691 | D:10     | Noticed a two-headed ogre
 16693 | D:10     | Killed a two-headed ogre
 16695 | D:10     | Noticed Lodul
 16701 | D:10     | Noticed a two-headed ogre
 16704 | D:10     | Killed a two-headed ogre
 16705 | D:10     | Reached XP level 12. HP: 79/79 MP: 23/23
 16716 | D:10     | Killed Lodul
 16718 | D:10     | Killed a two-headed ogre
 17419 | Orc:1    | Entered Level 1 of the Orcish Mines
 17419 | Orc:1    | You fall into a shaft and drop 1 floor!
 17419 | Orc:2    | Entered Level 2 of the Orcish Mines
 17419 | Orc:2    | Noticed a centaur warrior
 17419 | Orc:2    | Found a staircase to the Elven Halls.
 17425 | Orc:2    | Killed a centaur warrior
 17484 | Orc:2    | Reached **** piety under Wu Jian
 17773 | Orc:2    | Found Zaabam's Magic Scroll Emporium.
 17773 | Orc:2    | Found Hosycs's Magic Scroll Boutique.
 17773 | Orc:2    | Found Byweaj's Armour Shop.
 17777 | Orc:2    | Found Hiqieth's Armour Shoppe.
 17791 | Orc:2    | Bought a scroll of magic mapping for 45 gold pieces
 17791 | Orc:2    | Bought a scroll of magic mapping for 45 gold pieces
 17792 | Orc:2    | Bought a scroll of immolation for 38 gold pieces
 17792 | Orc:2    | Bought a scroll of fear for 38 gold pieces
 17797 | Orc:2    | Bought a scroll of fog for 26 gold pieces
 18039 | Orc:2    | Learned a level 1 spell: Animate Skeleton
 18068 | Orc:2    | Reached ***** piety under Wu Jian
 18257 | Orc:2    | Noticed a two-headed ogre
 18268 | Orc:2    | Killed a two-headed ogre
 18269 | Orc:2    | Reached skill level 1 in Necromancy
 18340 | Orc:2    | Found Anloadoh's General Store.
 18352 | Orc:2    | Bought a potion of lignification for 33 gold pieces
 18533 | Orc:2    | Bought a scroll of identify for 22 gold pieces
 18533 | Orc:2    | Bought a scroll of identify for 22 gold pieces
 18533 | Orc:2    | Bought a scroll of identify for 22 gold pieces
 18533 | Orc:2    | Bought a scroll of identify for 22 gold pieces
 18537 | Orc:2    | Reached XP level 13. HP: 90/90 MP: 24/24
 18538 | Orc:2    | Bought a scroll of identify for 22 gold pieces
 18704 | Orc:1    | Found Sepsiadgh's Distillery.
 18709 | Orc:1    | Bought a potion of mutation for 120 gold pieces
 18709 | Orc:1    | Bought a potion of heal wounds for 75 gold pieces
 18709 | Orc:1    | Bought a potion of curing for 45 gold pieces
 18709 | Orc:1    | Bought a potion of might for 60 gold pieces
 18709 | Orc:1    | Bought a potion of haste for 150 gold pieces
 18752 | Orc:1    | Found Otanah's Distillery.
 18755 | Orc:1    | Bought a potion of heal wounds for 65 gold pieces
 18755 | Orc:1    | Bought a potion of curing for 39 gold pieces
 18755 | Orc:1    | Bought a potion of heal wounds for 65 gold pieces
 18755 | Orc:1    | Bought a potion of lignification for 39 gold pieces
 18755 | Orc:1    | Bought a potion of haste for 130 gold pieces
 18755 | Orc:1    | Bought a potion of curing for 39 gold pieces
 18989 | Orc:1    | Found Peodgh's Jewellery Emporium.
 19004 | Orc:1    | Bought the amulet of Tiezeff {Reflect Int+4 SH+5} for 544
                  | gold pieces
 19004 | Orc:1    | Bought a ring of see invisible for 180 gold pieces
 19258 | Lair:1   | Entered Level 1 of the Lair of Beasts
 19515 | Lair:1   | Reached skill level 10 in Unarmed Combat
 19828 | Lair:1   | Reached XP level 14. HP: 97/97 MP: 25/25
 20395 | Lair:2   | Found a frozen archway.
 20423 | IceCv    | Entered an ice cave
 21230 | IceCv    | Reached skill level 10 in Dodging
 21343 | IceCv    | Found an ancient bone altar of Kikubaaqudgha.
 21457 | IceCv    | Reached skill level 10 in Fighting
 22546 | IceCv    | Identified the ring "Huecoelo" {+Blink rPois rN+ Will+}
 24554 | Lair:4   | Found a hole to the Spider Nest.
 24596 | Lair:4   | Got Egesaw's Handbook of Fire and Transmutation
 24673 | Lair:4   | Found a gate leading to a gauntlet.
 24688 | Lair:4   | Noticed Josephine
 24691 | Lair:4   | Killed Josephine
 24702 | Gauntlet | Entered a Gauntlet
 24702 | Gauntlet | Found a transporter.
 24702 | Gauntlet | Found a transporter.
 24713 | Gauntlet | Found a transporter.
 24713 | Gauntlet | Found a transporter.
 24716 | Gauntlet | Found a transporter.
 24716 | Gauntlet | Found a transporter.
 24718 | Gauntlet | Found a large runed translucent door.
 24719 | Gauntlet | Found a large runed translucent door.
 24720 | Gauntlet | Found a large runed translucent door.
 24720 | Gauntlet | Found a large runed translucent door.
 24720 | Gauntlet | Found a runed translucent door.
 24720 | Gauntlet | Found a runed translucent door.
 24721 | Gauntlet | Found a large runed translucent door.
 24721 | Gauntlet | Found a large runed translucent door.
 24721 | Gauntlet | Found a large runed translucent door.
 24721 | Gauntlet | Found a large runed translucent door.
 24722 | Gauntlet | Found a large runed translucent door.
 24723 | Gauntlet | Found a large runed translucent door.
 24724 | Gauntlet | Found a large runed translucent door.
 24724 | Gauntlet | Found a large runed translucent door.
 24725 | Gauntlet | Found a large runed translucent door.
 24725 | Gauntlet | Found a large runed translucent door.
 24725 | Gauntlet | Found a large runed translucent door.
 24725 | Gauntlet | Found a large runed translucent door.
 24728 | Gauntlet | Found a runed translucent gate.
 24728 | Gauntlet | Found a runed translucent gate.
 24728 | Gauntlet | Found a runed translucent gate.
 24730 | Gauntlet | Found a transporter.
 24734 | Gauntlet | Found a transporter.
 24746 | Gauntlet | Found a transporter.
 24750 | Gauntlet | Found a transporter.
 24750 | Gauntlet | Found a transporter.
 24774 | Gauntlet | Found a transporter.
 24855 | Gauntlet | Noticed a broodmother
 24855 | Gauntlet | a slime creature changed into a broodmother
 24859 | Gauntlet | a broodmother changed into a six-headed hydra
 24921 | Gauntlet | Reached skill level 1 in Earth Magic
 24983 | Gauntlet | Identified the +0 hat of Untold Secrets {Will+ Str+4}
 25008 | Gauntlet | Reached XP level 15. HP: 107/107 MP: 26/26
 25054 | Gauntlet | Identified the ring "Luxzenuo" {Ice rN+ rCorr}
 25341 | Gauntlet | Identified the ring "Huess" {rN+ Will+ Str+4}
 25446 | Lair:4   | Found a staircase to the Swamp.
 25627 | Lair:4   | Reached skill level 5 in Earth Magic
 26385 | Lair:5   | Reached ****** piety under Wu Jian
 26467 | Lair:5   | Identified the +11 dagger "Ebuy" {vorpal, rN+}
 27025 | Lair:6   | Entered Level 6 of the Lair of Beasts
 27025 | Lair:6   | Found a viscous altar of Jiyva.
 27025 | Lair:6   | Found a staircase to the Slime Pits.
 27717 | Lair:6   | Reached skill level 10 in Earth Magic
 28171 | Lair:6   | Reached XP level 16. HP: 112/112 MP: 27/27
 28863 | D:11     | Found Edwimn's Magic Scroll Emporium.
 28872 | D:11     | Bought a scroll of blinking for 120 gold pieces
 28872 | D:11     | Bought a scroll of silence for 120 gold pieces
 28872 | D:11     | Bought a scroll of fog for 32 gold pieces
 28872 | D:11     | Bought a scroll of fog for 32 gold pieces
 29232 | D:11     | Learned a level 6 spell: Statue Form
 29544 | D:11     | Found Aneqaz's Weapon Shoppe.
 30052 | D:12     | Identified the +0 pair of boots "Boreh" {Fly Will- Dex+3}
 30255 | D:12     | Identified the amulet "Qeelirol" {rElec rF- Regen+ Int+5}
 30334 | D:12     | Identified the +5 great sword "Nytadam" {venom, Dex+4 SInv}
 31170 | D:13     | Learned a level 4 spell: Animate Dead
 31292 | D:13     | Reached skill level 10 in Transmutations
 31322 | D:13     | Reached skill level 5 in Necromancy
 32226 | D:14     | Got the Volume of Combed Thunderclap
 32266 | D:14     | Got the Handbook of Dhcmrlchtdj
 32499 | D:14     | Reached skill level 1 in Shields
 32499 | D:14     | Gained mutation: You occasionally shout uncontrollably at
                  | your foes. [a neqoxec]
 32499 | D:14     | Gained mutation: Your magical capacity is low. (-10% MP) [a
                  | neqoxec]
 32610 | D:14     | Found a gate to the Vaults.
 32761 | D:14     | Found a glowing silver altar of Zin.
 32761 | D:14     | Found a glowing golden altar of the Shining One.
 32761 | D:14     | Found a white marble altar of Elyvilon.
 32970 | D:15     | Entered Level 15 of the Dungeon
 33037 | D:14     | Reached XP level 17. HP: 119/119 MP: 9/26
 33134 | D:14     | Lost mutation: You occasionally shout uncontrollably at
                  | your foes. [potion of mutation]
 33134 | D:14     | Lost mutation: Your magical capacity is low. (-10% MP)
                  | [potion of mutation]
 33134 | D:14     | Gained mutation: You occasionally shout uncontrollably at
                  | your foes. [potion of mutation]
 33135 | D:14     | Lost mutation: You occasionally shout uncontrollably at
                  | your foes. [potion of mutation]
 33135 | D:14     | Gained mutation: You expend magic power (3 MP) to
                  | strengthen your wands. [potion of mutation]
 33135 | D:14     | Gained mutation: You are dopey. (Int -2) [potion of
                  | mutation]
 33135 | D:14     | Gained mutation: You have a pair of small antennae on your
                  | head. [potion of mutation]
 33135 | D:14     | Gained mutation: Your system is resistant to poisons.
                  | (rPois) [potion of mutation]
 33286 | D:15     | Reached skill level 5 in Shields
 33349 | D:15     | Found a radiant altar of Vehumet.
 34085 | D:15     | Noticed Agnes
 34092 | D:15     | Killed Agnes
 34128 | D:15     | Found a staircase to the Depths.
 34560 | Swamp:1  | Entered Level 1 of the Swamp
 36570 | Swamp:3  | Reached XP level 18. HP: 126/126 MP: 31/31
 36881 | Swamp:3  | Noticed a tentacled monstrosity
 36899 | Swamp:3  | Killed a tentacled monstrosity
 37011 | Swamp:4  | Entered Level 4 of the Swamp
 37770 | Swamp:4  | Got a decaying rune of Zot
 38026 | Spider:1 | Entered Level 1 of the Spider Nest
 38363 | Spider:1 | You fall into a shaft and drop 1 floor!
 38502 | Spider:2 | Identified the +3 ring mail of a Million Lovers {Contam
                  | rCorr MP+9 Stlth+}
 39035 | Spider:1 | Noticed Louise
 39055 | Spider:1 | Killed Louise
 39061 | Spider:1 | Reached skill level 10 in Stealth
 39061 | Spider:1 | Reached skill level 10 in Spellcasting
 39615 | Spider:3 | Noticed Nikola
 39622 | Spider:3 | Killed Nikola
 40022 | Spider:4 | Entered Level 4 of the Spider Nest
 40658 | Spider:4 | Reached XP level 19. HP: 134/134 MP: 19/33
 40695 | Spider:4 | Noticed Arachne
 40732 | Spider:4 | Killed Arachne
 41047 | Spider:4 | Got a gossamer rune of Zot
 41780 | Elf:1    | Entered Level 1 of the Elven Halls
 43734 | Elf:2    | Found a runed translucent gate.
 43735 | Elf:2    | Found a runed translucent gate.
 43735 | Elf:2    | Found a runed translucent gate.
 44256 | Elf:2    | Reached XP level 20. HP: 143/143 MP: 29/35
 44687 | Elf:3    | Entered Level 3 of the Elven Halls
 44921 | Elf:3    | Noticed a Brimstone Fiend
 45488 | Elf:3    | Identified the +7 halberd "Milaagg" {freeze, Drain +Blink
                  | rF+ rC++}
 45792 | Elf:3    | Identified the ring of Eruvvusch {Will+ MP+9}
 45797 | Elf:3    | Identified the +1 ring mail "Atutatol" {Str+4}
 45802 | Elf:3    | Reached skill level 10 in Shields
 45802 | Elf:3    | Identified a scroll of acquirement
 45878 | Elf:3    | Identified the ring "Raus" {rC+ Will+ SInv Stlth-}
 45894 | Elf:3    | Noticed a Tzitzimitl
 46070 | Elf:3    | Identified the +1 ring mail of the Red Grue {rPois Dex+6}
 46071 | Elf:3    | Identified the +2 ring mail "Exoumoitt" {rElec Int+3 Dex-4
                  | Slay+4}
 46134 | Elf:3    | Learned a level 6 spell: Eringya's Noxious Bog
 46222 | Elf:3    | Found a portal to a secret trove of treasure.
 46304 | Elf:3    | You paid a toll of 5 scrolls of fog to enter a treasure
                  | trove
 46305 | Trove    | Entered a treasure trove
 46337 | Trove    | Got Sif Muna's Grimoire of Ghastly Poisoning
 46340 | Trove    | Got Ahimer's Volume of Dusty Translocation
 46807 | Vaults:1 | Entered Level 1 of the Vaults
 46849 | Vaults:1 | Acquired 1120 gold pieces
 46882 | Vaults:1 | Identified the +1 scale mail of the Mind {rN++ Int-5}
 46934 | Vaults:1 | Noticed Donald
 46942 | Vaults:1 | Killed Donald
 46953 | Vaults:1 | Found Dioc's Weapon Emporium.
 47067 | Vaults:1 | Found a magical portal.
 47072 | WizLab   | Entered The Chambers of the Cloud Mage
 47079 | WizLab   | Paralysed by an air elemental for 1 turns
 47084 | WizLab   | Paralysed by an air elemental for 1 turns
 47171 | WizLab   | Paralysed by an air elemental for 1 turns
 47206 | WizLab   | Paralysed by an air elemental for 1 turns
 47210 | WizLab   | Paralysed by you for 7 turns
 47466 | WizLab   | Noticed Jeyr
 47478 | WizLab   | Killed Jeyr the Cloud Mage
 47596 | WizLab   | Learned a level 3 spell: Swiftness
 47764 | Vaults:1 | Identified the ring of Xom's Grace {rPois rF++ rCorr Str-4
                  | SInv}
 48079 | Vaults:1 | Reached skill level 10 in Poison Magic
 48087 | Vaults:1 | Reached skill level 1 in Air Magic
 48227 | Vaults:1 | Reached XP level 21. HP: 148/148 MP: 36/36
 49290 | Vaults:2 | Found a staircase to the Crypt.
 49556 | Vaults:2 | Found a radiant altar of Vehumet.
 49569 | Vaults:2 | Identified the +0 robe of Tomorrow {-Tele Str+4 Dex+5}
 49592 | Vaults:2 | Learned a level 7 spell: Dragon Form
 50089 | Vaults:2 | Found Xaweg's Distillery.
 50097 | Vaults:2 | Bought a potion of magic for 104 gold pieces
 50097 | Vaults:2 | Bought a potion of might for 52 gold pieces
 50097 | Vaults:2 | Bought a potion of curing for 39 gold pieces
 50097 | Vaults:2 | Bought a potion of heal wounds for 65 gold pieces
 51087 | Vaults:3 | Reached skill level 15 in Transmutations
 51146 | Vaults:3 | Noticed Mara
 51150 | Vaults:3 | Noticed Dabor's illusion
 51182 | Vaults:3 | Killed Mara
 51202 | Vaults:3 | Noticed Jory
 51210 | Vaults:3 | Killed Jory
 51476 | Vaults:3 | Noticed a dread lich
 51485 | Vaults:3 | Killed a dread lich
 51598 | Vaults:3 | Reached XP level 22. HP: 155/155 MP: 35/37
 52123 | Vaults:3 | Noticed Zenata
 52131 | Vaults:3 | Killed Zenata
 52990 | Vaults:4 | Reached skill level 15 in Unarmed Combat
 53223 | Vaults:4 | Reached skill level 15 in Fighting
 53227 | Vaults:4 | Reached skill level 15 in Dodging
 53918 | Vaults:5 | Entered Level 5 of the Vaults
 53945 | Vaults:5 | Noticed an ancient lich
 53950 | Vaults:5 | Killed an ancient lich
 54036 | Vaults:5 | Reached XP level 23. HP: 163/163 MP: 39/39
 54052 | Vaults:5 | Identified the +11 spear of Harmony {drain, Will+ Str+9}
 54242 | Vaults:5 | Identified the +4 fustibalus of Crawling {vorpal, rF+ rN+}
 54334 | Vaults:5 | Found Cuogeett's Magic Scroll Boutique.
 54362 | Vaults:5 | Bought a scroll of fear for 52 gold pieces
 54362 | Vaults:5 | Bought a scroll of blinking for 112 gold pieces
 54362 | Vaults:5 | Bought a scroll of magic mapping for 52 gold pieces
 54362 | Vaults:5 | Bought a scroll of holy word for 112 gold pieces
 54362 | Vaults:5 | Bought a scroll of magic mapping for 52 gold pieces
 54489 | Vaults:5 | Identified the +6 falchion "Gupof" {venom, Int+4}
 54831 | Vaults:5 | Noticed Sojobo
 54848 | Vaults:5 | Paralysed by an air elemental for 1 turns
 54851 | Vaults:5 | Paralysed by an air elemental for 1 turns
 54858 | Vaults:5 | Paralysed by an air elemental for 1 turns
 54860 | Vaults:5 | Paralysed by an air elemental for 1 turns
 54863 | Vaults:5 | Killed Sojobo
 54954 | Vaults:5 | Found Dubuil's Antique Armour Emporium.
 54954 | Vaults:5 | Noticed a golden dragon
 54958 | Vaults:5 | Killed a golden dragon
 55005 | Vaults:5 | Acquired 840 gold pieces
 55101 | Vaults:5 | Identified the +4 great mace "Dragon's Nightmare" {distort,
                  | rElec rC+ Str-3 Int+4 Dex+2}
 55170 | Vaults:5 | Reached skill level 5 in Throwing
 55315 | Vaults:5 | Got a silver rune of Zot
 55316 | Vaults:5 | Identified the +0 scale mail of Puleps {MP+9}
 55494 | Vaults:5 | Identified the +9 plate armour "Keseu" {Str+3 Dex+7}
 55512 | Vaults:5 | Found the +9 sword of Zonguldrok {reap}
 55994 | Crypt:1  | Entered Level 1 of the Crypt
 56498 | Crypt:1  | Reached skill level 5 in Air Magic
 56594 | Crypt:1  | Noticed Mennas
 56805 | Crypt:1  | Killed Mennas
 57891 | Crypt:2  | Learned a level 7 spell: Storm Form
 58059 | Crypt:3  | Entered Level 3 of the Crypt
 58088 | Crypt:3  | Reached XP level 24. HP: 171/171 MP: 40/40
 58186 | Crypt:3  | Reached skill level 10 in Air Magic
 58376 | Crypt:3  | Found a basalt altar of Yredelemnul.
 58674 | Crypt:3  | Identified the ring "Ised" {Drain Will++ Slay+4 Stlth+}
 58805 | Crypt:3  | Found the amulet of the Four Winds {rN+ Will+++ Clar}
 58822 | Crypt:3  | Got the Compendium of Unholy Magic
 58989 | Crypt:3  | Noticed Khufu
 59275 | Crypt:3  | Killed Khufu
 59385 | Crypt:3  | Identified the ring of Neurosis {Will+ EV+4}
 59520 | Crypt:3  | Found a staircase to the Tomb.
 60163 | Slime:1  | Entered Level 1 of the Pits of Slime
 60487 | Lair:6   | Fell from the grace of Wu Jian
 60487 | Lair:6   | Became a worshipper of Jiyva Jell the Shapeless
 60931 | Slime:5  | Entered Level 5 of the Pits of Slime
 60950 | Slime:5  | Found a viscous altar of Jiyva.
 60950 | Slime:5  | Noticed the Royal Jelly
 61217 | Depths:1 | Entered Level 1 of the Depths
 61377 | Depths:1 | Identified the +1 robe of the Flute {rElec}
 61567 | Depths:1 | Reached * piety under Jiyva
 61668 | Depths:1 | Found a one-way gate to the infinite horrors of the Abyss.
 62072 | Depths:1 | Found a gateway to Hell.
 62175 | Depths:1 | Found a white marble altar of Elyvilon.
 62178 | Depths:1 | Found a basalt altar of Yredelemnul.
 62178 | Depths:1 | Found a burning altar of Makhleb.
 62187 | Depths:1 | Found a sparkling altar of Nemelex Xobeh.
 62187 | Depths:1 | Found a broken altar of Ashenzari.
 62187 | Depths:1 | Found a shimmering altar of Xom.
 62381 | Hell     | Entered the Vestibule of Hell
 62381 | Hell     | Noticed Geryon
 62381 | Hell     | Reached ** piety under Jiyva
 62405 | Hell     | Reached skill level 5 in Evocations
 62542 | Depths:1 | Reached XP level 25. HP: 178/178 MP: 39/40
 62764 | Hell     | Killed Geryon
 62873 | Hell     | Found a gateway to the decaying netherworld of Tartarus.
 62936 | Hell     | Found a gateway to the ashen valley of Gehenna.
 63180 | Hell     | Found a gateway to the Iron City of Dis.
 63354 | Hell     | Found a gateway to the freezing wastes of Cocytus.
 63813 | Depths:2 | Found a one-way gate leading to the halls of Pandemonium.
 63908 | Depths:2 | Found a transporter.
 64058 | Depths:2 | Found a transporter.
 64101 | Depths:2 | Reached *** piety under Jiyva
 64112 | Depths:2 | Lost mutation: You have a pair of small antennae on your
                  | head. [Jiyva's grace]
 64112 | Depths:2 | Lost mutation: You expend magic power (3 MP) to strengthen
                  | your wands. [Jiyva's grace]
 64112 | Depths:2 | Gained mutation: Your melee attacks may engulf your foes in
                  | ooze. [Jiyva's grace]
 64112 | Depths:2 | Gained mutation: You have hidden genetic potential.
                  | [Jiyva's grace]
 64112 | Depths:2 | Gained mutation: You have great hidden genetic potential.
                  | [Jiyva's grace]
 64112 | Depths:2 | Gained mutation: You are agile. (Dex +2) [Jiyva's grace]
 64172 | Depths:2 | Identified the +1 plate armour of the Vestibule of Hell
                  | {Int+4 Slay+6}
 64943 | Depths:3 | Reached **** piety under Jiyva
 65027 | Depths:3 | Found a hide-covered altar of Uskayaw.
 65497 | Depths:3 | Identified the +8 scimitar of Tutax {venom, *Corrode rN+
                  | MP+9 Str+4 Dex+3}
 66069 | Depths:4 | Entered Level 4 of the Depths
 66096 | Depths:4 | Found a one-way gateway to a ziggurat.
 66188 | Depths:4 | Reached ***** piety under Jiyva
 66264 | Depths:4 | Reached XP level 26. HP: 188/188 MP: 40/40
 66401 | Depths:4 | Lost mutation: You are dopey. (Int -2) [Jiyva's grace]
 66401 | Depths:4 | Lost mutation: Your system is resistant to poisons. (rPois)
                  | [Jiyva's grace]
 66401 | Depths:4 | Gained mutation: Your spells are a little harder to cast,
                  | but a little more powerful. [Jiyva's grace]
 66401 | Depths:4 | Gained mutation: Your spells are harder to cast, but more
                  | powerful. [Jiyva's grace]
 66401 | Depths:4 | Gained mutation: Your spells are much harder to cast, but
                  | much more powerful. [Jiyva's grace]
 66401 | Depths:4 | Gained mutation: One of your tentacles bears a spike.
                  | [Jiyva's grace]
 66501 | Depths:4 | Was forgiven by Wu Jian
 66622 | Depths:4 | Found a stormy altar of Qazlal.
 66633 | Depths:4 | Noticed Saint Roka
 66648 | Depths:4 | Killed Saint Roka
 67036 | Depths:4 | Found a gate to the Realm of Zot.
 67205 | Zot:1    | Entered Level 1 of the Realm of Zot
 67242 | Zot:1    | Gained mutation: You are partially covered in iridescent
                  | scales. (AC +2) [hidden potential]
 67421 | Depths:2 | Paralysed by a Zot trap for 5 turns
 67473 | Depths:2 | Identified the amulet "Koimiuxyi" {Faith Will+}
 67479 | Depths:2 | Identified the ring of the Red Skies {rElec rPois rF+ Int+4
                  | Slay+4}
 67541 | Depths:2 | Learned a level 3 spell: Ozocubu's Armour
 67958 | Zot:1    | Reached skill level 15 in Earth Magic
 68025 | Zot:1    | Noticed an orb of fire
 68029 | Zot:1    | Gained mutation: You are weak. (Str -2) [an orb of fire]
 68034 | Zot:1    | Gained mutation: You sometimes lose the ability to read
                  | scrolls when taking damage. [an orb of fire]
 68035 | Zot:1    | Killed an orb of fire
 68079 | Zot:1    | Reached skill level 15 in Shields
 69020 | Zot:2    | Reached XP level 27. HP: 189/197 MP: 40/40
 69393 | Zot:2    | Found Pomia's Changing Room.
 69414 | Zot:2    | Bought a potion of lignification for 51 gold pieces
 69414 | Zot:2    | Bought 2 potions of lignification for 102 gold pieces
 69414 | Zot:2    | Bought 2 potions of lignification for 102 gold pieces
 69414 | Zot:2    | Bought a potion of mutation for 136 gold pieces
 69861 | Zot:2    | Reached ****** piety under Jiyva
 70059 | Zot:2    | Identified the +3 scimitar of the Saviour {vorpal, Fragile
                  | +Blink Fly}
 70747 | Slime:5  | Got the Almanac of Bewitching Calling
 70749 | Slime:5  | Identified the +11 rapier "Iretwuc" {vorpal, Will+}
 70771 | Slime:5  | Identified the +3 trident "Hedeton" {flame, rPois Int+4}
 70772 | Slime:5  | Identified the +5 plate armour of Poor Excuses {+Inv rElec
                  | rPois rF-}
 70790 | Slime:5  | Got a slimy rune of Zot
 70791 | Slime:5  | Identified the ring of Hedeuz {rF+ rN+ Int+4 Dex+4}
 71447 | Depths:1 | Voluntarily entered the Abyss.
 71471 | Abyss:3  | Found a corrupted altar of Lugonu.
 71478 | Abyss:4  | Found a corrupted altar of Lugonu.
 71589 | Abyss:4  | Noticed a dread lich
 71596 | Abyss:4  | Killed a dread lich
 71775 | Abyss:4  | Found a corrupted altar of Lugonu.
 71861 | Abyss:4  | Paralysed by accursed screaming for 1 turns
 71870 | Abyss:4  | Paralysed by accursed screaming for 2 turns
 71990 | Abyss:4  | Gained mutation: Potions are less effective at restoring
                  | your health. [a neqoxec]
 71992 | Abyss:4  | Lost mutation: You are agile. (Dex +2) [a neqoxec]
 72025 | Abyss:4  | Paralysed by accursed screaming for 1 turns
 72077 | Abyss:4  | Paralysed by accursed screaming for 1 turns
 72108 | Abyss:4  | Paralysed by accursed screaming for 1 turns
 72111 | Abyss:4  | Paralysed by accursed screaming for 1 turns
 72114 | Abyss:4  | Paralysed by accursed screaming for 1 turns
 72178 | Abyss:4  | Paralysed by accursed screaming for 1 turns
 72181 | Abyss:4  | Paralysed by accursed screaming for 1 turns
 72366 | Abyss:4  | Noticed an ancient lich
 72369 | Abyss:4  | Killed an ancient lich
 72443 | Abyss:5  | Entered Level 5 of the Abyss
 72871 | Abyss:5  | Paralysed by accursed screaming for 1 turns
 72876 | Abyss:5  | Paralysed by accursed screaming for 1 turns
 72986 | Abyss:5  | Lost mutation: Your spells are much harder to cast, but
                  | much more powerful. [a neqoxec]
 73045 | Abyss:5  | Gained mutation: You are occasionally teleported next to
                  | monsters. [a neqoxec]
 73221 | Abyss:5  | Gained mutation: Potions cannot restore your health. [a
                  | neqoxec]
 73232 | Abyss:5  | Noticed a dread lich
 73241 | Abyss:5  | Paralysed by accursed screaming for 1 turns
 73247 | Depths:1 | Escaped the Abyss
 73250 | Depths:1 | Killed a dread lich
 73623 | Tomb:1   | Entered Level 1 of the Tomb of the Ancients
 73668 | Tomb:1   | Lost mutation: You are weak. (Str -2) [Jiyva's grace]
 73668 | Tomb:1   | Lost mutation: Your spells are harder to cast, but more
                  | powerful. [Jiyva's grace]
 73668 | Tomb:1   | Lost mutation: Potions cannot restore your health. [Jiyva's
                  | grace]
 73668 | Tomb:1   | Lost mutation: You sometimes lose the ability to read
                  | scrolls when taking damage. [Jiyva's grace]
 73668 | Tomb:1   | Gained mutation: You are robust. (+10% HP) [Jiyva's grace]
 73668 | Tomb:1   | Gained mutation: You are very robust. (+20% HP) [Jiyva's
                  | grace]
 73668 | Tomb:1   | Gained mutation: You are extremely robust. (+30% HP)
                  | [Jiyva's grace]
 73668 | Tomb:1   | Gained mutation: You are partially covered in large bone
                  | plates. (SH +4) [Jiyva's grace]
 73860 | Tomb:1   | Gained mutation: Your spells are harder to cast, but more
                  | powerful. [hidden potential]
 73860 | Tomb:1   | Lost mutation: You have great hidden genetic potential.
                  | [hidden potential expressed]
 73904 | Tomb:1   | Noticed a royal mummy
 73911 | Tomb:1   | Killed a royal mummy
 73920 | Tomb:1   | Learned a level 5 spell: Manifold Assault
 73942 | Tomb:1   | Reached skill level 1 in Translocations
 74278 | Tomb:1   | Noticed a royal mummy
 74286 | Tomb:1   | Killed a royal mummy
 74328 | Tomb:1   | Noticed a royal mummy
 74329 | Tomb:1   | Noticed a royal mummy
 74336 | Tomb:1   | Killed a royal mummy
 74339 | Tomb:1   | Killed a royal mummy
 74340 | Tomb:1   | Reached skill level 5 in Translocations
 74438 | Tomb:1   | Identified the ring of Fierromn {rPois rF+}
 74960 | Depths:1 | Voluntarily entered the Abyss.
 74962 | Abyss:1  | Found a corrupted altar of Lugonu.
 74972 | Abyss:1  | Paralysed by accursed screaming for 1 turns
 75149 | Abyss:2  | Found a corrupted altar of Lugonu.
 75353 | Abyss:3  | Gained mutation: You are weak. (Str -2) [mutagenic glow]
 75689 | Abyss:3  | Gained mutation: You sometimes lose the ability to read
                  | scrolls when taking damage. [a neqoxec]
 76377 | Abyss:4  | Found a corrupted altar of Lugonu.
 76382 | Abyss:4  | Noticed a dread lich
 76394 | Abyss:4  | Killed a dread lich
 76419 | Abyss:4  | Got an abyssal rune of Zot
 76456 | Depths:1 | Escaped the Abyss
 76476 | Depths:1 | Lost mutation: You sometimes lose the ability to read
                  | scrolls when taking damage. [potion of mutation]
 76476 | Depths:1 | Lost mutation: Potions are less effective at restoring your
                  | health. [potion of mutation]
 76476 | Depths:1 | Lost mutation: Your spells are harder to cast, but more
                  | powerful. [potion of mutation]
 76476 | Depths:1 | Lost mutation: You are weak. (Str -2) [potion of mutation]
 76477 | Depths:1 | Lost mutation: You are occasionally teleported next to
                  | monsters. [potion of mutation]
 76477 | Depths:1 | Lost mutation: Your melee attacks may engulf your foes in
                  | ooze. [potion of mutation]
 76521 | Pan      | Entered Pandemonium
 76611 | Pan      | Learned a level 5 spell: Alistair's Intoxication
 76752 | Pan      | Noticed Gifal the pandemonium lord
 76763 | Pan      | Reached skill level 10 in Translocations
 76763 | Pan      | Killed Gifal the pandemonium lord
 77360 | Pan      | Lost mutation: You are extremely robust. (+30% HP) [Jiyva's
                  | grace]
 77360 | Pan      | Lost mutation: You are very robust. (+20% HP) [Jiyva's
                  | grace]
 77360 | Pan      | Lost mutation: You are robust. (+10% HP) [Jiyva's grace]
 77360 | Pan      | Gained mutation: Your muscles are strong. (Str +2) [Jiyva's
                  | grace]
 77360 | Pan      | Gained mutation: Your muscles are very strong. (Str +4)
                  | [Jiyva's grace]
 77360 | Pan      | Gained mutation: You are mostly covered in iridescent
                  | scales. (AC +4) [Jiyva's grace]
 77360 | Pan      | Gained mutation: You are completely covered in iridescent
                  | scales. (AC +6) [Jiyva's grace]
 77377 | Pan      | Noticed Fonotsan the pandemonium lord
 77386 | Pan      | Killed Fonotsan the pandemonium lord
 77440 | Pan      | Lost mutation: Your spells are a little harder to cast, but
                  | a little more powerful. [a neqoxec]
 77844 | Pan      | Gained mutation: You are frail. (-10% HP) [a neqoxec]
 77930 | Pan      | Noticed Qeza the pandemonium lord
 77937 | Pan      | Killed Qeza the pandemonium lord
 77957 | Pan      | Gained mutation: Your spells are a little harder to cast,
                  | but a little more powerful. [a neqoxec]
 77957 | Pan      | Gained mutation: You sometimes lose the ability to read
                  | scrolls when taking damage. [a neqoxec]
 77961 | Pan      | Lost mutation: Your spells are a little harder to cast, but
                  | a little more powerful. [potion of mutation]
 77961 | Pan      | Lost mutation: You are partially covered in large bone
                  | plates. (SH +4) [potion of mutation]
 77961 | Pan      | Lost mutation: You have hidden genetic potential. [potion
                  | of mutation]
 77961 | Pan      | Gained mutation: You passively dampen the noise of your
                  | surroundings. [potion of mutation]
 77961 | Pan      | Gained mutation: You passively map a small area around you.
                  | [potion of mutation]
 77962 | Pan      | Lost mutation: You are completely covered in iridescent
                  | scales. (AC +6) [potion of mutation]
 77962 | Pan      | Lost mutation: You are mostly covered in iridescent scales.
                  | (AC +4) [potion of mutation]
 77962 | Pan      | Gained mutation: You are strong-willed. (Will+) [potion of
                  | mutation]
 77963 | Pan      | Lost mutation: You sometimes lose the ability to read
                  | scrolls when taking damage. [potion of mutation]
 77963 | Pan      | Lost mutation: You are frail. (-10% HP) [potion of
                  | mutation]
 77963 | Pan      | Gained mutation: One of your tentacles bears a nasty spike.
                  | [potion of mutation]
 77963 | Pan      | Lost mutation: You are strong-willed. (Will+) [potion of
                  | mutation]
 77963 | Pan      | Gained mutation: You are partially covered in large bone
                  | plates. (SH +4) [potion of mutation]
 79007 | Pan      | Noticed Icerghusi the pandemonium lord
 79135 | Pan      | Killed Icerghusi the pandemonium lord
 79267 | Pan      | Got a demonic rune of Zot
 79446 | Pan      | Noticed Pokk the pandemonium lord
 79452 | Pan      | Lost mutation: You passively dampen the noise of your
                  | surroundings. [a neqoxec]
 79456 | Pan      | Killed Pokk the pandemonium lord
 79575 | Pan      | Lost mutation: One of your tentacles bears a nasty spike.
                  | [Jiyva's grace]
 79575 | Pan      | Gained mutation: Your mind is acute. (Int +2) [Jiyva's
                  | grace]
 79575 | Pan      | Gained mutation: Your mind is very acute. (Int +4) [Jiyva's
                  | grace]
 79575 | Pan      | Gained mutation: Your spells are a little harder to cast,
                  | but a little more powerful. [Jiyva's grace]
 79575 | Pan      | Gained mutation: Your spells are harder to cast, but more
                  | powerful. [Jiyva's grace]
 79577 | Pan      | Found an exit through the horrors of the Abyss.
 79976 | Pan      | Lost mutation: Your mind is very acute. (Int +4) [a
                  | cacodemon]
 80067 | Pan      | Gained mutation: You do not regenerate when monsters are
                  | visible. [a neqoxec]
 80315 | Pan      | Noticed Sairpha the pandemonium lord
 80322 | Pan      | Killed Sairpha the pandemonium lord
 80381 | Pan      | Noticed Alatire the pandemonium lord
 80390 | Pan      | Killed Alatire the pandemonium lord
 80397 | Pan      | Reached skill level 15 in Spellcasting
 80716 | Pan      | Identified the ring "Umpyfal" {rF+ MP+9}
 80786 | Pan      | Gained mutation: You occasionally shout uncontrollably at
                  | your foes. [mutagenic glow]
 80797 | Pan      | Gained mutation: You have hidden genetic defects.
                  | [mutagenic glow]
 80815 | Pan      | Lost mutation: You are partially covered in large bone
                  | plates. (SH +4) [potion of mutation]
 80815 | Pan      | Lost mutation: You do not regenerate when monsters are
                  | visible. [potion of mutation]
 80815 | Pan      | Gained mutation: You passively dampen the noise of your
                  | surroundings. [potion of mutation]
 80815 | Pan      | Gained mutation: You are strong-willed. (Will+) [potion of
                  | mutation]
 81298 | Pan      | Entered the realm of Gloorx Vloq.
 81520 | Pan      | Lost mutation: You are partially covered in iridescent
                  | scales. (AC +2) [Jiyva's grace]
 81520 | Pan      | Lost mutation: You occasionally shout uncontrollably at
                  | your foes. [Jiyva's grace]
 81520 | Pan      | Lost mutation: Your spells are harder to cast, but more
                  | powerful. [Jiyva's grace]
 81520 | Pan      | Lost mutation: You passively dampen the noise of your
                  | surroundings. [Jiyva's grace]
 81520 | Pan      | Lost mutation: You have hidden genetic defects. [Jiyva's
                  | grace]
 81520 | Pan      | Gained mutation: You expend magic power (3 MP) to
                  | strengthen your wands. [Jiyva's grace]
 81520 | Pan      | Gained mutation: Your body has grown eyes which may confuse
                  | attackers. (Acc +3) [Jiyva's grace]
 81520 | Pan      | Gained mutation: Your body has grown many eyes which may
                  | confuse attackers. (Acc +5) [Jiyva's grace]
 81520 | Pan      | Gained mutation: Your body is covered in eyes which may
                  | confuse attackers. (Acc +7, SInv) [Jiyva's grace]
 81571 | Pan      | Reached skill level 15 in Poison Magic
 81583 | Pan      | Noticed Gloorx Vloq
 81594 | Pan      | Killed Gloorx Vloq
 81705 | Pan      | Got a dark rune of Zot
 82405 | Pan      | Reached skill level 15 in Stealth
 82624 | Pan      | Entered the realm of Cerebov.
 82627 | Pan      | Found an exit through the horrors of the Abyss.
 82736 | Pan      | Identified the amulet of Sarudyeb {rPois Regen+ Str-5
                  | Slay+6}
 82841 | Pan      | Identified the +3 hand axe of Atoar {vorpal, rElec Int+3
                  | Dex-2}
 82864 | Pan      | Got Leqo's Tome of Transformation and Dark Magic
 82871 | Pan      | Identified the +5 shortbow "Leviticus" {flame, rElec rCorr
                  | Str-4}
 82895 | Pan      | Identified the +8 scimitar of Sunlight {freeze, rC++ Dex+4
                  | Stlth-}
 82984 | Pan      | Identified the +4 rapier "Paegia" {venom, Dex+2}
 82994 | Pan      | Identified the amulet of the Vanishing Loafs {*Corrode
                  | rPois rF+ Regen+}
 83013 | Pan      | Found the +6 sword of Cerebov {flame}
 83013 | Pan      | Noticed Cerebov
 83767 | Pan      | Killed Cerebov
 83783 | Pan      | Got a fiery rune of Zot
 84307 | Pan      | Noticed Dudyxkin the pandemonium lord
 84317 | Pan      | Killed Dudyxkin the pandemonium lord
 85137 | Pan      | Lost mutation: Your mind is acute. (Int +2) [Jiyva's grace]
 85137 | Pan      | Lost mutation: You passively map a small area around you.
                  | [Jiyva's grace]
 85137 | Pan      | Lost mutation: Your spells are a little harder to cast, but
                  | a little more powerful. [Jiyva's grace]
 85137 | Pan      | Lost mutation: Your body is covered in eyes which may
                  | confuse attackers. (Acc +7, SInv) [Jiyva's grace]
 85137 | Pan      | Gained mutation: You passively dampen the noise of your
                  | surroundings. [Jiyva's grace]
 85137 | Pan      | Gained mutation: You are partially covered in iridescent
                  | scales. (AC +2) [Jiyva's grace]
 85137 | Pan      | Gained mutation: You are mostly covered in iridescent
                  | scales. (AC +4) [Jiyva's grace]
 85137 | Pan      | Gained mutation: You are completely covered in iridescent
                  | scales. (AC +6) [Jiyva's grace]
 85164 | Pan      | Found an exit through the horrors of the Abyss.
 85302 | Pan      | Noticed Plog the pandemonium lord
 85308 | Pan      | Killed Plog the pandemonium lord
 85314 | Pan      | Identified the ring of the Crushed Xenophobes {rC+ Int+4}
 86089 | Pan      | Gained mutation: You do not regenerate when monsters are
                  | visible. [a cacodemon]
 86576 | Pan      | Found an exit through the horrors of the Abyss.
 87281 | Pan      | Entered the realm of Lom Lobon.
 87287 | Pan      | Got a magical rune of Zot
 87290 | Pan      | Noticed Lom Lobon
 87308 | Pan      | Killed Lom Lobon
 87833 | Pan      | Found an exit through the horrors of the Abyss.
 88023 | Pan      | Lost mutation: You are completely covered in iridescent
                  | scales. (AC +6) [Jiyva's grace]
 88023 | Pan      | Lost mutation: You are mostly covered in iridescent scales.
                  | (AC +4) [Jiyva's grace]
 88023 | Pan      | Gained mutation: You have an increased reservoir of magic.
                  | (+10% MP) [Jiyva's grace]
 88023 | Pan      | Gained mutation: You have a considerably increased
                  | reservoir of magic. (+20% MP) [Jiyva's grace]
 88023 | Pan      | Gained mutation: You have a greatly increased reservoir of
                  | magic. (+30% MP) [Jiyva's grace]
 88023 | Pan      | Gained mutation: You have acidic saliva. [Jiyva's grace]
 88321 | Pan      | Found an exit through the horrors of the Abyss.
 88450 | Pan      | Found a transporter.
 88497 | Pan      | Found a transporter.
 88716 | Pan      | Identified the ring "Raehur" {rC+++ rN+++ MP-9 Int+6
                  | Slay-2}
 88738 | Pan      | Identified the amulet of the Prince {Acrobat rPois Int+4}
 88760 | Pan      | Identified the +5 great mace "Ral Veos" {elec, rPois Dex+4}
 89130 | Pan      | Entered the realm of Mnoleg.
 89238 | Pan      | Noticed Mnoleg
 89255 | Pan      | Killed Mnoleg
 89402 | Pan      | Got a glowing rune of Zot
 89501 | Pan      | Found an exit through the horrors of the Abyss.
 89568 | Pan      | Found a white marble altar of Elyvilon.
 89768 | Pan      | Lost mutation: You are partially covered in iridescent
                  | scales. (AC +2) [Jiyva's grace]
 89768 | Pan      | Lost mutation: You have a greatly increased reservoir of
                  | magic. (+30% MP) [Jiyva's grace]
 89768 | Pan      | Lost mutation: You do not regenerate when monsters are
                  | visible. [Jiyva's grace]
 89768 | Pan      | Lost mutation: You expend magic power (3 MP) to strengthen
                  | your wands. [Jiyva's grace]
 89768 | Pan      | Lost mutation: You passively dampen the noise of your
                  | surroundings. [Jiyva's grace]
 89768 | Pan      | Gained mutation: Your body is covered in eyes which may
                  | confuse attackers. (Acc +7, SInv) [Jiyva's grace]
 89768 | Pan      | Gained mutation: You are robust. (+10% HP) [Jiyva's grace]
 89768 | Pan      | Gained mutation: You are very robust. (+20% HP) [Jiyva's
                  | grace]
 89768 | Pan      | Gained mutation: You are extremely robust. (+30% HP)
                  | [Jiyva's grace]
 90445 | Pan      | Identified the +7 tower shield of Starshine {rF+}
 90773 | Pan      | Found a glowing silver altar of Zin.
 91649 | Pan      | Identified the +4 war axe of Spontaneous Combustion {holy,
                  | Fly}
 91649 | Pan      | Identified the +7 buckler of Leim {rN++}
 91657 | Pan      | Noticed a seraph
 91659 | Pan      | Identified the +6 tower shield of March {rF+ rCorr Dex+4}
 91661 | Pan      | Killed a seraph
 91674 | Pan      | Found a glowing golden altar of the Shining One.
 91685 | Pan      | Got the Reference Book on the Destructive Entourage
 92006 | Depths:2 | Escaped Pandemonium
 92144 | Tar:1    | Entered Level 1 of Tartarus
 92171 | Tar:1    | Reached skill level 10 in Evocations
 92436 | Tar:3    | Found a huge runed gate.
 92436 | Tar:3    | Found a huge runed gate.
 92436 | Tar:3    | Found a huge runed gate.
 92436 | Tar:3    | Found a huge runed gate.
 92436 | Tar:3    | Found a huge runed gate.
 92436 | Tar:3    | Found a huge runed gate.
 92490 | Tar:3    | Found a huge runed gate.
 92491 | Tar:3    | Found a huge runed gate.
 92491 | Tar:3    | Found a huge runed gate.
 92491 | Tar:3    | Found a huge runed gate.
 92492 | Tar:3    | Found a huge runed gate.
 92493 | Tar:3    | Found a huge runed gate.
 92502 | Tar:3    | Found a huge runed gate.
 92502 | Tar:3    | Found a huge runed gate.
 92502 | Tar:3    | Found a huge runed gate.
 92502 | Tar:3    | Found a huge runed gate.
 92502 | Tar:3    | Found a huge runed gate.
 92503 | Tar:3    | Found a huge runed gate.
 92504 | Tar:3    | Found a huge runed gate.
 92563 | Tar:3    | Noticed an ancient lich
 92565 | Tar:3    | Noticed an ancient lich
 92566 | Tar:3    | Killed an ancient lich
 92571 | Tar:3    | Killed an ancient lich
 92592 | Tar:3    | Reached skill level 15 in Translocations
 92648 | Tar:3    | Lost mutation: You are extremely robust. (+30% HP) [Jiyva's
                  | grace]
 92648 | Tar:3    | Lost mutation: Your muscles are very strong. (Str +4)
                  | [Jiyva's grace]
 92648 | Tar:3    | Lost mutation: You have acidic saliva. [Jiyva's grace]
 92648 | Tar:3    | Lost mutation: Your body is covered in eyes which may
                  | confuse attackers. (Acc +7, SInv) [Jiyva's grace]
 92648 | Tar:3    | Gained mutation: Your muscles are very strong. (Str +4)
                  | [Jiyva's grace]
 92648 | Tar:3    | Gained mutation: You have acidic saliva. [Jiyva's grace]
 92648 | Tar:3    | Gained mutation: Your flesh is cold resistant. (rC+)
                  | [Jiyva's grace]
 92648 | Tar:3    | Gained mutation: Your flesh is very cold resistant. (rC++)
                  | [Jiyva's grace]
 93452 | Tar:7    | Entered Level 7 of Tartarus
 94124 | Tar:7    | Noticed Ereshkigal
 94139 | Tar:7    | Killed Ereshkigal
 94181 | Tar:7    | Identified the +3 rapier "Awyddit" {vorpal, rC- Int+5}
 94182 | Tar:7    | Identified the +6 dire flail of Circularity {vorpal, rF-
                  | rN+ Will++ Stlth+}
 94188 | Tar:7    | Got a bone rune of Zot
 94189 | Tar:7    | Identified the +4 scale mail of Weak Leaves {rC- Regen+
                  | SInv}
 94262 | Tar:7    | Found the -2 hat of the Alchemist {rElec rPois rF+ rC+ rN+
                  | Will+ rMut rCorr}
 94263 | Tar:7    | Identified the +5 hunting sling of Onuneih {freeze,
                  | *Corrode rN++ Int+7}
 94265 | Tar:7    | Identified the +7 demon blade "Duezehut" {drain, Int+3
                  | Stlth+}
 94454 | Geh:1    | Entered Level 1 of Gehenna
 94501 | Geh:1    | Noticed a dread lich
 94507 | Geh:1    | Killed a dread lich
 95030 | Geh:6    | Lost mutation: One of your tentacles bears a spike.
                  | [Jiyva's grace]
 95030 | Geh:6    | Lost mutation: Your flesh is very cold resistant. (rC++)
                  | [Jiyva's grace]
 95030 | Geh:6    | Lost mutation: You have a considerably increased reservoir
                  | of magic. (+20% MP) [Jiyva's grace]
 95030 | Geh:6    | Gained mutation: Your flesh is heat resistant. (rF+)
                  | [Jiyva's grace]
 95030 | Geh:6    | Gained mutation: Your flesh is very heat resistant. (rF++)
                  | [Jiyva's grace]
 95030 | Geh:6    | Gained mutation: Your flesh is almost immune to the effects
                  | of heat. (rF+++) [Jiyva's grace]
 95030 | Geh:6    | Gained mutation: You expend magic power (3 MP) to
                  | strengthen your wands. [Jiyva's grace]
 95091 | Geh:7    | Entered Level 7 of Gehenna
 95463 | Geh:7    | Noticed the Serpent of Hell
 95508 | Geh:7    | Killed the Serpent of Hell
 95634 | Geh:7    | Identified the +1 chain mail "Yqecoirgh" {rElec MP-9 Int+4
                  | SInv}
 95828 | Geh:7    | Found the +7 sceptre of Asmodeus
 95828 | Geh:7    | Noticed Asmodeus
 95845 | Geh:7    | Killed Asmodeus
 95861 | Geh:7    | Identified the ring "Kuhy" {MP+9 Int+2 Dex+4}
 95865 | Geh:7    | Identified the -2 hat of Xoem Ded {rC+ Str+4}
 95866 | Geh:7    | Identified the +4 trident of Jocegys {vorpal, Str+4 Int+5}
 95868 | Geh:7    | Got an obsidian rune of Zot
 96626 | Dis:1    | Entered Level 1 of the Iron City of Dis
 97330 | Dis:5    | Lost mutation: Your flesh is almost immune to the effects
                  | of heat. (rF+++) [Jiyva's grace]
 97330 | Dis:5    | Lost mutation: Your flesh is very heat resistant. (rF++)
                  | [Jiyva's grace]
 97330 | Dis:5    | Lost mutation: You have an increased reservoir of magic.
                  | (+10% MP) [Jiyva's grace]
 97330 | Dis:5    | Lost mutation: Your muscles are very strong. (Str +4)
                  | [Jiyva's grace]
 97330 | Dis:5    | Lost mutation: You have acidic saliva. [Jiyva's grace]
 97330 | Dis:5    | Gained mutation: Your melee attacks may engulf your foes in
                  | ooze. [Jiyva's grace]
 97330 | Dis:5    | Gained mutation: Your system is resistant to poisons.
                  | (rPois) [Jiyva's grace]
 97330 | Dis:5    | Gained mutation: Your flesh is very heat resistant. (rF++)
                  | [Jiyva's grace]
 97330 | Dis:5    | Gained mutation: Your flesh is almost immune to the effects
                  | of heat. (rF+++) [Jiyva's grace]
 97364 | Dis:6    | Reached skill level 15 in Air Magic
 97480 | Dis:7    | Entered Level 7 of the Iron City of Dis
 97744 | Dis:7    | Noticed a juggernaut
 97763 | Dis:7    | Killed a juggernaut
 97908 | Dis:7    | Mangled by an iron giant

Illustrated notes

Levels and vault maps discovered:
D:1:      minmay_arrival_open_corners, layout_basic, serial_shops, shop,
          hellmonk_ecumenical_altar_leap_of_faith, minivault_5
D:2:      layout_loops_ring
D:3:      layout_basic, dk_vineyard_2, minmay_joined_circles
D:4:      layout_cave_pools, minmay_temple_entry_drinking_statues,
          gup_sewer_entry_bubbles, grunt_ministairs_4, hangedman_glass_teeth
D:5:      layout_basic, uniq_prince_ribbit1
D:6:      layout_cave_pools, ebering_ghost_sewer_d, serial_gnoll_camp,
          gnoll_camp_mini_shop, gnoll_camp_mini_doghouse, grums_kennel,
          gnoll_camp_mini_basic, gnoll_camp_mini_hut, gnoll_camp_mini_loothouse,
          nicolae_figureground_sparkle, uniq_pikel, uniq_eustachio
D:7:      layout_basic, uniq_maggie
D:8:      layout_gridville, uniq_gastronok
D:9:      lemuel_ice_statue, layout_grid_maze,
          mainiacjoe_overflow_six_doors_small, orc_0_dummy
D:10:     layout_roguey, david_lair_generic, enter_bailey_4,
          minmay_misc_feat_doors, minmay_misc_feat_diagonals, uniq_lodul
D:11:     layout_rooms, serial_shops, shop, shop_fountains,
          nicolae_figureground_pulse
D:12:     layout_irregular_city, ice2_lemuel
D:13:     layout_long_grid, serial_ice, serial_ice_g, serial_ice_h,
          serial_ice_l, serial_ice_c, serial_ice_m, serial_ice_n
D:14:     layout_roguey, grunt_vaults_entry_fortified, good_gods_mini_temple,
          bh_hangedman_babel_library
D:15:     hangedman_depths_entry_civil_slaughter, layout_cave_pools,
          nicolae_vehumet_radiance, uniq_agnes
Temple:   grunt_wide_crystal_templ
Lair:1:   layout_regular_city
Lair:2:   layout_regular_city, portal_ice_cave_demonic_guard, wad_woods_03
Lair:3:   layout_long_grid, grunt_megastairs_4
Lair:4:   layout_loops_ring, minmay_swamp_entry_worms, spider_nest_entry_webs,
          gauntlet_entry_generic, uniq_josephine
Lair:5:   layout_hall_layers, nicolae_lair_grove_arrangements,
          patterned_corridor, infiniplex_staircase_pool
Lair:6:   guppyfry_lair_end_dragon, layout_loops_ring,
          hangedman_lair_caniforms_friends, slime_altar_1
Swamp:1:  layout_basic_swamp, evilmike_swamp_ruin_house_2
Swamp:2:  layout_basic_swamp, evilmike_swamp_ruin_rubble_2
Swamp:3:  cheibrodos_swamp_monstrosity, layout_basic_swamp,
          evilmike_swamp_ruin_rubble_1
Swamp:4:  swamp_icy, layout_basic_swamp, swamp_pool1,
          nicolae_swamp_dense_foliage
Spider:1: layout_spider_delve, nicolae_spider_rock_and_or_roll, uniq_louise
Spider:2: layout_spider_delve
Spider:3: layout_spider_delve, drop_trap, uniq_nikola
Spider:4: spider_rune_water, uniq_arachne
Slime:1:  cheibrodos_slime_lost_civilization_1, layout_caves,
          nicolae_slime_phagocytosis
Slime:2:  layout_caves
Slime:3:  layout_caves
Slime:4:  layout_caves, uniq_dissolution
Slime:5
Orc:1:    layout_diamond_mine, serial_shops, shop, nicolae_shop_behind_doors,
          nicolae_shop_hallway_stairs
Orc:2:    st_orc_rangers, layout_diamond_mine, serial_shops,
          nicolae_shop_behind_doors
Elf:1:    nicolae_elf_arrival_aired_out, layout_rooms,
          hangedman_elven_crosses_minicolossus
Elf:2:    nicolae_elf_blades_crystal_corner, layout_loops_cross,
          corexii_hall_statues_i
Elf:3:    grunt_elf_hall_diamonds, layout_gridlike,
          nicolae_trove_entry_free_sample
Vaults:1: mu_enter_wizlab_2, nicolae_vaults_rhombus_5, vaults_room_fours,
          grunt_vaults_bifocal, nicolae_vaults_ring_of_whatevers, v_rooms_5,
          v_misc_24, v_misc_18, v_rooms_6, vaults_dpeg_ring,
          layout_vaults_omnigrid, serial_shops, nicolae_shop_statue_plus,
          uniq_donald
Vaults:2: v_misc_2, nicolae_vaults_alarming, v_pattern_1,
          minmay_crypt_entry_simple_statues, v_misc_28, grunt_tower_of_power,
          vaults_dpeg_spiral, v_misc_9, serial_ice_g, grunt_vaults_twisty,
          v_misc_8, nicolae_vaults_little_squares_1,
          nicolae_vaults_angled_halls, ontoclasm_vaults_fault, v_alt_pattern_4,
          layout_vaults_omnibox, serial_shops, shop
Vaults:3: v_misc_22, vaults_room_semicircle, v_rooms_5, v_misc_22,
          nicolae_vaults_hallways_thing, grunt_vaults_swirl,
          nicolae_vaults_murderbox, ontoclasm_vaults_spin, v_misc_15,
          nicolae_vaults_diagonal_hallway_6, hangedman_vaults_stream, v_misc_24,
          grunt_vaults_focal, nicolae_vaults_little_squares_6, v_rooms_1,
          vaults_room_stairs_pillars, layout_vaults_omnicross, uniq_mara,
          uniq_jory, uniq_zenata
Vaults:4: vaults_room_pool, v_pattern_2, nicolae_vaults_border_crossing,
          v_alt_pattern_6, vaults_standard_mumra_x, v_rooms_3, v_rooms_5,
          ontoclasm_vaults_hangar, ontoclasm_vaults_loading_screen,
          vaults_room_door_ring, v_misc_15, nicolae_vaults_angled_halls,
          layout_vaults_ring
Vaults:5: uniq_sojobo
Crypt:1:  layout_basic, uniq_josephina, uniq_mennas
Crypt:2:  layout_basic, uniq_bai_suzhen
Crypt:3:  grunt_crypt_end_deaths_head
Tomb:1
Depths:1: layout_honeycomb, doesnt_xom_only_xom, pf_hell_entry_tar_spiral,
          abyss_entry, st_stairs_8, serial_sigils_hangedman_leer,
          minmay_checkered_concentric_circles
Depths:2: gammafunk_its_a_trap, layout_cave_shapes,
          minmay_misc_feat_more_columns, grunt_hell_entry_dis_grunt,
          rand_demon_pan_entry_7, grunt_megastairs_3
Depths:3: minmay_quantized_circle, layout_gridlike, abyss_entry_crystal,
          grunt_mini_vestibule, eat_drink_and_be_merry_uskayaw,
          infiniplex_staircase_squiggle
Depths:4: grunt_zot_entry_gee_three, layout_gridlike, enter_ziggurat_d,
          hangedman_abyss_or_decor_lesser_grid, hell_entry, grunt_qazlal_clouds,
          uniq_saint_roka
Hell
Dis:1:    layout_gridville
Dis:2:    hangedman_dis_decor_blocks_mantle, layout_regular_city
Dis:3:    layout_gridville, nrook_loot_triangle
Dis:4:    layout_regular_city
Dis:5:    layout_jigsaw
Dis:6:    layout_gridville, nicolae_hells_hurtin_island
Dis:7:    dis_grunt_layers
Geh:1:    layout_gehenna_lava_caves
Geh:2:    layout_gehenna_pools_basic, nicolae_geh_fourpack
Geh:3:    layout_gehenna_pools_basic
Geh:4:    layout_gehenna_pools_box
Geh:5:    layout_gehenna_pools_basic
Geh:6:    layout_gehenna_pools_box
Geh:7:    geh_grunt_pentagon
Tar:1:    layout_cathedral_of_symmetry
Tar:2:    minmay_shadows, layout_grid_maze, nicolae_tar_cuneiform_city
Tar:3:    layout_grid_maze, door_vault
Tar:4:    layout_catacombs
Tar:5:    layout_grid_maze, nicolae_tar_four_comb_rooms
Tar:6:    layout_grid_maze
Tar:7:    tar_minmay_river
Zot:1:    nicolae_moth_party, layout_twisted_circle, skrybe_zot_glass_2,
          grunt_megastairs_1
Zot:2:    gammafunk_mikee_crab_dinner, layout_cathedral_of_symmetry,
          nicolae_transmutations_shop

Skill      XL: |  1  2  3  4  5  6  7  8  9 10 11 12 13 14 15 16 17 18 19 20 21 22 23 24 25 26 27 |
---------------+----------------------------------------------------------------------------------+-----
Poison Magic   | 1 2 3 4 6 7 10 15 | 15.0
Stealth        | 1 2 3 5 6 7 8 10 11 12 13 22 | 22.0
Fighting       | 2 4 5 6 8 9 11 12 13 14 15 16 17 18 25 | 25.2
Transmutations | 3 4 5 6 9 10 11 13 14 15 16 17 18 | 18.2
Throwing       | 1 2 7 |  7.0
Dodging        | 3 4 5 6 9 11 12 14 15 16 17 18 25 | 25.2
Spellcasting   | 3 4 6 7 8 9 10 11 12 13 18 | 18.0
Unarmed Combat | 4 5 6 9 10 12 13 14 15 16 17 18 25 | 25.2
Ice Magic      | 2 6 |  6.0
Evocations     | 1 2 4 5 8 12 | 12.0
Necromancy     | 3 5 7 8 |  8.0
Earth Magic    | 2 11 13 14 15 16 | 16.0
Shields        | 3 5 7 11 12 13 15 | 15.0
Air Magic      | 1 4 9 14 16 | 16.7
Translocations | 15 | 15.0

Action                   |  1- 3 |  4- 6 |  7- 9 | 10-12 | 13-15 | 16-18 | 19-21 | 22-24 | 25-27 || total
-------------------------+-------+-------+-------+-------+-------+-------+-------+-------+-------++-------
Melee: Unarmed           |    70 |   169 |   213 |   655 |   823 |  1112 |   970 |  1214 |  5686 || 10912
       Constrict         |    18 |    43 |    40 |    80 |    97 |   168 |   198 |   206 |   408 ||  1258
       Tentacles         |    13 |    26 |    38 |    85 |   134 |   300 |   284 |   404 |   832 ||  2116
       Kick              |     7 |    22 |    34 |     2 |       |       |       |       |  1077 ||  1142
       Punch             |     2 |     5 |    12 |    32 |    48 |   111 |   125 |   172 |   610 ||  1117
       Staff             |       |       |       |    60 |       |       |       |    12 |    13 ||    85
       Tailslap          |       |       |       |       |       |       |    10 |     1 |    54 ||    65
       Bite              |       |       |       |       |       |       |     2 |     1 |   114 ||   117
Throw: Boomerang         |     7 |     5 |     2 |     9 |       |       |       |       |       ||    23
       Dart              |       |    10 |    98 |    90 |    19 |    42 |    11 |       |       ||   270
       Javelin           |       |       |     5 |     4 |       |     1 |     2 |    15 |     6 ||    33
 Cast: Beastly Appendage |     9 |     9 |    22 |     1 |       |       |     1 |       |       ||    42
       Wereblood         |     4 |     7 |    10 |    26 |    38 |    12 |    19 |    23 |    96 ||   235
       Spider Form       |       |       |     5 |    14 |     1 |       |       |       |       ||    20
       Ice Form          |       |       |       |    18 |    22 |     4 |       |       |     3 ||    47
       Blade Hands       |       |       |       |    38 |    75 |    14 |     2 |       |       ||   129
       Animate Skeleton  |       |       |       |     5 |    84 |    14 |       |       |       ||   103
       Statue Form       |       |       |       |       |       |    98 |   109 |    96 |   350 ||   653
       Animate Dead      |       |       |       |       |       |    42 |    23 |    21 |    70 ||   156
       Dragon Form       |       |       |       |       |       |       |     8 |     1 |   122 ||   131
       Eringya's Noxious |       |       |       |       |       |       |     2 |     7 |    16 ||    25
       Storm Form        |       |       |       |       |       |       |       |     8 |    33 ||    41
       Swiftness         |       |       |       |       |       |       |       |     3 |     2 ||     5
       Ozocubu's Armour  |       |       |       |       |       |       |       |       |     4 ||     4
       Manifold Assault  |       |       |       |       |       |       |       |       |  1410 ||  1410
Invok: Foxfire Swarm     |       |       |       |     2 |       |       |       |       |       ||     2
       Fiery Armour      |       |       |       |     2 |       |       |       |       |       ||     2
       Rising Flame      |       |       |       |     1 |       |       |       |       |       ||     1
       Whirlwind         |       |       |       |    87 |   227 |   370 |   252 |   309 |       ||  1245
       Lunge             |       |       |       |    54 |    99 |   117 |   122 |    95 |       ||   487
       Serpent's Lash    |       |       |       |     2 |       |       |     4 |     2 |       ||     8
       Heavenly Storm    |       |       |       |       |       |       |     1 |       |       ||     1
       Slimify           |       |       |       |       |       |       |       |       |     4 ||     4
       Oozemancy         |       |       |       |       |       |       |       |       |     3 ||     3
 Abil: Wall Jump         |       |       |       |       |     2 |     4 |     1 |     5 |       ||    12
       Evoke Blink       |       |       |       |       |     2 |     1 |     3 |       |     3 ||     9
       Breathe Fire      |       |       |       |       |       |       |     6 |     1 |    13 ||    20
       End Transformatio |       |       |       |       |       |       |     2 |       |     2 ||     4
       Blinkbolt         |       |       |       |       |       |       |       |     7 |    14 ||    21
Evoke: Wand              |       |       |     5 |    40 |    10 |     5 |       |     4 |    17 ||    81
       Condenser vane    |       |       |       |       |     1 |     2 |     1 |     4 |     9 ||    17
       Tin of tremorston |       |       |       |       |       |     4 |     2 |     5 |     7 ||    18
       Phantom mirror    |       |       |       |       |       |       |       |     3 |     8 ||    11
       Box of beasts     |       |       |       |       |       |       |       |     1 |    13 ||    14
       Lightning rod     |       |       |       |       |       |       |       |       |     5 ||     5
       Phial of floods   |       |       |       |       |       |       |       |       |     1 ||     1
  Use: Potion            |     5 |     3 |       |    11 |     6 |     2 |     3 |     1 |    31 ||    62
       Scroll            |       |     8 |     1 |    17 |     5 |     5 |     8 |     6 |    18 ||    68
 Stab: Sleeping          |     5 |    13 |     4 |    12 |    12 |    22 |    33 |    14 |    29 ||   144
       Distracted        |       |     1 |       |     1 |     4 |     9 |     2 |     2 |    31 ||    50
       Invisible         |       |     1 |       |    14 |       |       |       |       |       ||    15
       Paralysed         |       |       |     7 |     3 |       |       |       |       |       ||    10
       Confused          |       |       |       |       |       |     3 |       |     2 |    12 ||    17
       Held in net/web   |       |       |       |       |       |       |     1 |       |       ||     1
       Petrified         |       |       |       |       |       |       |       |       |     4 ||     4
Armor: Skin              |     4 |    10 |    10 |    85 |    37 |   352 |   207 |   315 |   725 ||  1745
Dodge: Dodged            |    35 |    83 |   144 |   948 |   584 |  1367 |   670 |  1112 |  3602 ||  8545
Block: Other             |       |       |       |       |   100 |    29 |       |       |    88 ||   217
       Reflection        |       |       |       |       |       |     2 |    32 |     2 |    93 ||   129
       Kite shield       |       |       |       |       |       |   250 |   700 |  1052 |  3978 ||  5980

Table legend: (Time is in decaauts)
 A = Elapsed time spent in this place.
 B = Non-inter-level travel time spent in this place.
 C = Inter-level travel time spent in this place.
 D = Time resting spent in this place.
 E = Time spent auto-exploring this place.
 F = Levels seen in this place.
 G = Mean time per level.
                   A        B        C        D        E       F      G
               +--------+--------+--------+--------+--------+-----+--------+
         Total | 113263 | 100731 |  12532 |  19742 |  36051 | 108 | 1048.7 |
       Dungeon |  22219 |  19929 |   2290 |   4724 |  10575 |  15 | 1481.3 |
        Temple |    200 |    183 |     17 |      0 |    133 |   1 |  200.0 |
          Lair |   8154 |   6580 |   1574 |   1122 |   3393 |   6 | 1359.0 |
         Swamp |   4280 |   3827 |    453 |    871 |   1502 |   4 | 1070.0 |
   Spider Nest |   4082 |   3887 |    195 |    614 |   1692 |   4 | 1020.5 |
    Slime Pits |   1392 |   1104 |    288 |     74 |    780 |   5 |  278.4 |
  Orcish Mines |   1943 |   1714 |    229 |    286 |    893 |   2 |  971.5 |
   Elven Halls |   6029 |   5744 |    285 |   1454 |   1971 |   3 | 2009.7 |
        Vaults |  11251 |  10006 |   1245 |   2016 |   4052 |   5 | 2250.2 |
         Crypt |   4828 |   3971 |    857 |   1128 |    891 |   3 | 1609.3 |
          Tomb |   1426 |    937 |    489 |     49 |    312 |   1 | 1426.0 |
        Depths |   8008 |   5782 |   2226 |    665 |   2250 |   4 | 2002.0 |
          Hell |   1212 |   1102 |    110 |    193 |    356 |   1 | 1212.0 |
           Dis |   1713 |   1280 |    433 |    210 |    182 |   7 |  244.7 |
       Gehenna |   1442 |   1009 |    433 |    125 |     40 |   7 |  206.0 |
      Tartarus |   3204 |   2073 |   1131 |    244 |    147 |   7 |  457.7 |
           Zot |   3246 |   2974 |    272 |    414 |   1399 |   2 | 1623.0 |
         Abyss |   4376 |   4376 |      0 |      0 |    178 |   9 |  486.2 |
   Pandemonium |  17891 |  17891 |      0 |   2746 |   4200 |  16 | 1118.2 |
         Trove |    102 |    102 |      0 |      0 |      0 |   1 |  102.0 |
         Sewer |   1187 |   1187 |      0 |    207 |    712 |   1 | 1187.0 |
        Bailey |   1252 |   1252 |      0 |    584 |    264 |   1 | 1252.0 |
      Ice Cave |   2224 |   2224 |      0 |   1513 |     56 |   1 | 2224.0 |
        Wizlab |    846 |    846 |      0 |    157 |     69 |   1 |  846.0 |
      Gauntlet |    745 |    745 |      0 |    340 |      0 |   1 |  745.0 |
               +--------+--------+--------+--------+--------+-----+--------+

Top non-repeatable levels by time:
Vaults:4: 2495 daAuts
Vaults:2: 2487 daAuts
     D:9: 2480 daAuts
Vaults:5: 2359 daAuts
Depths:1: 2345 daAuts
   Elf:2: 2325 daAuts
 Crypt:3: 2257 daAuts
   IceCv: 2224 daAuts
Depths:2: 2207 daAuts
     D:6: 2153 daAuts
Vaults:3: 1975 daAuts
Vaults:1: 1933 daAuts
  Lair:6: 1913 daAuts
   Elf:3: 1865 daAuts
    D:14: 1852 daAuts
